 Dungeon Crawl Stone Soup version 0.27-a0-1136-g0b992a5a9d (webtiles) character file.

Game seed: 5139548613509892446

12018165 karrick the Gargoyle Barricade (level 27, 199/199 HPs)
             Began as a Gargoyle Fighter on May 5, 2021.
             Was the Champion of the Shining One.
             Escaped with the Orb
             ... and 15 runes!
             The game lasted 10:17:28 (137535 turns).

karrick the Gargoyle Barricade (Gargoyle Fighter) Turns: 137535, Time: 10:17:28

Health: 199/199    AC: 49    Str: 28    XL:     27
Magic:  49/49      EV: 22    Int: 30    God:    the Shining One [******]
Gold:   15531      SH: 34    Dex: 22    Spells: 51/70 levels left

rFire    + + .     SeeInvis +   Z - +8 broad axe (holy)
rCold    . . .     Faith    +   C - +6 tower shield of Mental Paralysis {Str+2 Dex+5}
rNeg     + + +     Spirit   .   k - +11 scale mail of Noughts and Crosses {Regen+ SInv Stlth+}
rPois    ∞         Reflect  .   J - +0 hat of Feasting {Int+6}
rElec    +         Harm     .   s - scarf {shadows}
rCorr    .         Rampage  ∞   (no gloves)
Will     +....                  R - +3 pair of seven-league boots {Rampage+∞}
Stlth    ++........             W - amulet "Umpavogruts" {Faith rElec Int+5}
HPRegen  1.43/turn              X - ring "Filaaq" {rPois rN+ Str+7 Int+4 Stlth-}
MPRegen  0.31/turn              t - ring of Bucwy {rPois rF+ Will- Slay+5}

@: flying, glowing, studying 3 skills
A: sickness immunity, AC +20, big wings, negative energy resistance 1,
electricity resistance, torment resistance 1, unbreathing 1, petrification
resistance, antennae 1, fangs 1, talons 1, fire resistance 1, sense surroundings
1, subdued magic 3
0: Orb of Zot
}: 15/15 runes: serpentine, barnacled, slimy, silver, golden, iron, obsidian,
icy, bone, abyssal, demonic, glowing, magical, fiery, dark
a: Renounce Religion, Divine Shield, Cleansing Flame, Summon Divine Warrior


You escaped.
You worshipped the Shining One.
The Shining One was exalted by your worship.
You visited 18 branches of the dungeon, and saw 90 of its levels.
You visited Pandemonium 5 times, and saw 17 of its levels.
You visited the Abyss 13 times.
You visited 1 bazaar.
You also visited: Trove, Sewer, Ossuary, Ice Cave and Volcano.

You collected 23713 gold pieces.
You spent 8182 gold pieces at shops.

Inventory:

Hand Weapons
 m - a +9 war axe of electrocution
 r - a +9 eveningstar of holy wrath
 u - a +5 war axe of distortion
 M - the +9 broad axe "Eviscerator" {antimagic, +Rage Will+++ Dex-5 Stlth+}
   (Okawaru gifted it to you on level 1 of the Abyss)

   It reduces the magical energy of the wielder, and disrupts the spells and
   magical abilities of those hit.
   Natural abilities and divine invocations are not affected.
   It affects your dexterity (-5).
   It lets you go berserk.
   It greatly increases your willpower.
   It makes you more stealthy.
 Z - a +8 broad axe of holy wrath (weapon)
Armour
 a - the +2 pair of gloves of Reason {-Cast Will+ Regen+ Dex+2}
   (Okawaru gifted it to you on level 3 of the Abyss)

   It affects your dexterity (+2).
   It prevents spellcasting.
   It increases your rate of health regeneration.
   It increases your willpower.
 h - +12 gold dragon scales
 k - the +11 scale mail of Noughts and Crosses (worn) {Regen+ SInv Stlth+}
   (You found it on level 3 of the Crypt)

   It lets you see invisible.
   It increases your rate of health regeneration.
   It makes you more stealthy.
 s - a scarf of shadows (worn)
 v - the +0 pair of fencer's gloves {Riposte Dex+3}
   (Okawaru gifted it to you in Pandemonium)

   It affects your dexterity (+3).
 w - quicksilver dragon scales
 y - the +2 pair of gloves of the Lily {Rampage rElec Stlth+}
   (You bought it in a shop on level 2 of the Elven Halls)

   It insulates you from electricity.
   It bestows one free step when moving towards enemies.
   It makes you more stealthy.
 C - the +6 tower shield of Mental Paralysis (worn) {Str+2 Dex+5}
   (Okawaru gifted it to you in Pandemonium)

   It affects your strength (+2).
   It affects your dexterity (+5).
 F - the +1 helmet of Modern Life {Will+}
   (You found it on level 5 of the Dungeon)

   It increases your willpower.
 J - the +0 hat of Feasting (worn) {Int+6}
   (You found it on level 3 of the Tomb of the Ancients)

   It affects your intelligence (+6).
 K - the +7 ring mail "Udonus" {Regen+ rCorr SInv}
   (Okawaru gifted it to you on level 3 of the Abyss)

   It lets you see invisible.
   It increases your rate of health regeneration.
   It protects you from acid and corrosion.
 R - the +3 pair of seven-league boots (worn) {Rampage+∞}
   (You acquired it on level 2 of the Vaults)
 T - the +6 chain mail "Okuetaow" {+Inv rPois Will+ Str+2}
   (You found it on level 5 of the Vaults)

   It affects your strength (+2).
   It protects you from poison.
   It lets you turn invisible.
   It increases your willpower.
 U - +10 pearl dragon scales
Magical Staves
 q - a staff of earth
Jewellery
 b - the ring "Doliuhell" {Wiz rElec Int+3 Dex+2 Stlth+}
   (You found it on level 3 of the Tomb of the Ancients)

   [ring of wizardry]

   It improves your spell success rate.
   It affects your intelligence (+3).
   It affects your dexterity (+2).
   It insulates you from electricity.
   It makes you more stealthy.
 e - the ring of Luadeceal {Ice rPois Slay+2 Stlth+}
   (You found it on level 7 of Tartarus)

   [ring of ice]

   It enhances your ice magic.
   It affects your accuracy and damage with ranged weapons and melee attacks
   (+2).
   It makes you vulnerable to fire.
   It protects you from cold.
   It protects you from poison.
   It makes you more stealthy.
 f - the ring of Bekucy {MP+9 Slay+4}
   (You found it in Pandemonium)

   [ring of magical power]

   It affects your accuracy and damage with ranged weapons and melee attacks
   (+4).
   It affects your magic capacity (+9).
 j - the ring of Optimism {rCorr EV+4 Str+2}
   (You found it in Pandemonium)

   [ring of evasion]

   It affects your evasion (+4).
   It affects your strength (+2).
   It protects you from acid and corrosion.
 t - the ring of Bucwy (right hand) {rPois rF+ Will- Slay+5}
   (You bought it in a shop on level 2 of the Orcish Mines)

   [ring of protection from fire]

   It affects your accuracy and damage with ranged weapons and melee attacks
   (+5).
   It protects you from fire.
   It protects you from poison.
   It decreases your willpower.
 I - the ring of the Tortoise {AC+8}
   (You acquired it on level 1 of the Abyss)

   [ring of protection]

   It affects your AC (+8).
 Q - the ring "Hirio" {rN+ SInv}
   (You found it on level 3 of the Elven Halls)

   [ring of see invisible]

   It protects you from negative energy.
   It lets you see invisible.
 V - the ring "Washriso" {Wiz rF+++ rN++ Slay-2 Stlth+}
   (You found it on level 3 of the Elven Halls)

   [ring of wizardry]

   It improves your spell success rate.
   It affects your accuracy and damage with ranged weapons and melee attacks
   (-2).
   It renders you almost immune to fire.
   It greatly protects you from negative energy.
   It makes you more stealthy.
 W - the amulet "Umpavogruts" (around neck) {Faith rElec Int+5}
   (You found it on level 1 of the Depths)

   [amulet of faith]

   It allows you to gain divine favour quickly.
   It affects your intelligence (+5).
   It insulates you from electricity.
 X - the ring "Filaaq" (left hand) {rPois rN+ Str+7 Int+4 Stlth-}
   (You found it on level 3 of the Crypt)

   [ring of positive energy]

   It affects your strength (+7).
   It affects your intelligence (+4).
   It protects you from poison.
   It protects you from negative energy.
   It makes you less stealthy.
Wands
 o - a wand of digging (33)
Scrolls
 d - a scroll of holy word
 g - 6 scrolls of magic mapping
 l - 6 scrolls of enchant armour
 x - 3 scrolls of blinking
 A - 13 scrolls of immolation
 B - 17 scrolls of vulnerability
 G - 18 scrolls of teleportation
 H - 21 scrolls of fog
 L - 3 scrolls of silence
 Y - 5 scrolls of summoning
Potions
 c - a potion of resistance
 n - 2 potions of heal wounds
 p - 18 potions of haste
 z - 6 potions of cancellation
 D - 16 potions of brilliance
 N - 11 potions of magic
 O - 33 potions of curing
 S - 13 potions of berserk rage
Miscellaneous
 i - the horn of Geryon
 E - a figurine of a ziggurat
 P - a condenser vane


   Skills:
 O Level 27 Fighting
 + Level 1.2 Short Blades
 - Level 23.9(27) Axes
 - Level 26.0(27) Maces & Flails
 - Level 25.6 Armour
 - Level 15.4 Dodging
 - Level 26.2 Stealth
 O Level 27 Shields
 + Level 22.2 Spellcasting
 - Level 15.7 Hexes
 + Level 13.2 Translocations
 - Level 9.9 Air Magic
 * Level 23.8 Earth Magic
 O Level 27 Invocations
 + Level 2.0 Evocations


You had 51 spell levels left.
You knew the following spells:

 Your Spells              Type           Power      Damage    Failure   Level
a - Silence               Hex/Air        27%        N/A       1%          5
b - Swiftness             Air            48%        N/A       0%          3
c - Shatter               Erth           37%        3d30*     4%          9
d - Blink                 Tloc           N/A        N/A       0%          2

Your spell library contained the following spells:

 Spells                   Type           Power      Damage    Failure   Level
 Apportation              Tloc           100%       N/A       0%          1
 Corona                   Hex            67%        N/A       0%          1
 Sandblast                Erth           100%       2d20      0%          1
 Ensorcelled Hibernation  Hex/Ice        84%        N/A       0%          2
 Passwall                 Tmut/Erth      44%        N/A       0%          2
 Confusing Touch          Hex            61%        N/A       0%          3
 Dazzling Flash           Conj/Hex       84%        N/A       0%          3
 Gell's Gravitas          Tloc           28%        N/A       0%          3
 Inner Flame              Hex/Fire       42%        N/A       0%          3
 Lesser Beckoning         Tloc           28%        N/A       0%          3
 Portal Projectile        Hex/Tloc       100%       N/A       0%          3
 Stone Arrow              Conj/Erth      100%       3d13      0%          3
 Summon Guardian Golem    Hex/Summ       42%        N/A       0%          3
 Teleport Other           Tloc           56%        N/A       0%          3
 Tukima's Dance           Hex            61%        N/A       0%          3
 Animate Armour           Summ/Erth      100%       N/A       0%          4
 Cause Fear               Hex            30%        N/A       0%          4
 Leda's Liquefaction      Hex/Erth       34%        N/A       0%          4
 Passage of Golubria      Tloc           N/A        N/A       0%          4
 Petrify                  Tmut/Erth      53%        N/A       0%          4
 Lee's Rapid Deconstruct  Erth           37%        3d20*     0%          5
 Animate Skeleton         Necr           34%        N/A       1%          1
 Beastly Appendage        Tmut           34%        N/A       1%          1
 Foxfire                  Conj/Fire      68%        2x1d7     1%          1
 Freeze                   Ice            68%        1d8       1%          1
 Magic Dart               Conj           68%        1d6       1%          1
 Pain                     Necr           68%        1d7       1%          1
 Shock                    Conj/Air       100%       1d9       1%          1
 Sting                    Tmut/Pois      68%        1d6       1%          1
 Summon Small Mammal      Summ           68%        N/A       1%          1
 Call Imp                 Summ           17%        N/A       1%          2
 Corpse Rot               Necr/Air       N/A        N/A       1%          2
 Poisonous Vapours        Pois/Air       66%        N/A       1%          2
 Searing Ray              Conj           34%        3d4       1%          2
 Static Discharge         Conj/Air       33%        N/A       1%          2
 Wereblood                Tmut           17%        N/A       1%          2
 Call Canine Familiar     Summ           17%        N/A       1%          3
 Conjure Flame            Conj/Fire      17%        6-21      1%          3
 Frozen Ramparts          Ice            34%        1d5       1%          3
 Ignite Poison            Fire/Tmut/Pois 17%        N/A       1%          3
 Mephitic Cloud           Conj/Pois/Air  27%        N/A       1%          3
 Ozocubu's Armour         Ice            17%        N/A       1%          3
 Spider Form              Tmut/Pois      8%         N/A       1%          3
 Vampiric Draining        Necr           8%         2d7       1%          3
 Airstrike                Air            24%        N/A       1%          4
 Fulminant Prism          Conj/Hex       21%        3d13      1%          4
 Iskenderun's Mystic Bla  Conj/Tloc      38%        2d9       1%          4
 Summon Lightning Spire   Summ/Air       33%        N/A       1%          4
 Bolt of Magma            Conj/Fire/Erth 21%        4d11      1%          5
 Borgnjor's Vile Clutch   Necr/Erth      26%        N/A       1%          5
 Lightning Bolt           Conj/Air       16%        1d30      1%          5
 Manifold Assault         Tloc           56%        N/A       1%          5
 Metabolic Englaciation   Hex/Ice        21%        N/A       1%          5
 Summon Forest            Summ/Tloc      19%        N/A       1%          5
 Summon Mana Viper        Hex/Summ       42%        N/A       1%          5
 Yara's Violent Unravell  Hex/Tmut       21%        3d10      1%          5
 Dispersal                Tloc           28%        N/A       1%          6
 Invisibility             Hex            61%        N/A       1%          6
 Iron Shot                Conj/Erth      26%        9d6       1%          6
 Animate Dead             Necr           8%         N/A       8%          4
 Dispel Undead            Necr           17%        3d10      8%          4
 Hailstorm                Conj/Ice       17%        3d6       8%          4
 Ice Form                 Ice/Tmut       17%        N/A       8%          4
 Olgreb's Toxic Radiance  Pois           17%        N/A       8%          4
 Sticky Flame             Conj/Fire      17%        2d4       8%          4
 Summon Ice Beast         Ice/Summ       17%        N/A       8%          4
 Discord                  Hex            30%        N/A       8%          8
 Conjure Ball Lightning   Conj/Air       16%        3x3d6     17%         6
 Agony                    Necr           17%        N/A       24%         5
 Alistair's Intoxication  Tmut/Pois      11%        N/A       24%         5
 Excruciating Wounds      Necr           8%         N/A       24%         5
 Fireball                 Conj/Fire      8%         3d6       24%         5
 Hydra Form               Tmut           8%         N/A       24%         5
 Irradiate                Conj/Tmut      8%         3d16      24%         5
 Iskenderun's Battlesphe  Conj           17%        2d7       24%         5
 Freezing Cloud           Conj/Ice/Air   13%        6-21      36%         6
 Lehudib's Crystal Spear  Conj/Erth      26%        10d7      43%         8
 Malign Gateway           Summ/Tloc      19%        N/A       47%         7
 Blade Hands              Tmut           8%         N/A       85%         6
 Death Channel            Necr           8%         N/A       85%         6
 Eringya's Noxious Bog    Tmut/Pois      8%         N/A       85%         6
 Shadow Creatures         Summ           N/A        N/A       85%         6
 Simulacrum               Ice/Necr       8%         N/A       85%         6
 Starburst                Conj/Fire      8%         8x6d4     85%         6
 Dragon Form              Tmut           8%         N/A       100%        7
 Haunt                    Necr/Summ      8%         N/A       100%        7
 Monstrous Menagerie      Summ           8%         N/A       100%        7
 Orb of Destruction       Conj           8%         9d4       100%        7
 Ozocubu's Refrigeration  Ice            8%         4d6       100%        7
 Spellforged Servitor     Conj/Summ      8%         N/A       100%        7
 Summon Hydra             Summ           8%         N/A       100%        7
 Borgnjor's Revivificati  Necr           8%         N/A       100%        8
 Chain Lightning          Conj/Air       16%        N/A       100%        8
 Ignition                 Fire           8%         3d5       100%        8
 Infestation              Necr           8%         N/A       100%        8
 Necromutation            Tmut/Necr      8%         N/A       100%        8
 Summon Horrible Things   Summ           8%         N/A       100%        8
 Absolute Zero            Ice            8%         ∞         100%        9
 Death's Door             Necr           8%         N/A       100%        9
 Dragon's Call            Summ           8%         N/A       100%        9
 Fire Storm               Conj/Fire      8%         8d2       100%        9
 Tornado                  Air            24%        N/A       100%        9
 Sublimation of Blood     Necr           Unusable   N/A       N/A         2
 Statue Form              Tmut/Erth      Unusable   N/A       N/A         6

Dungeon Overview and Level Annotations

Branches:
Dungeon (15/15)            Temple (1/1) D:4            Lair (6/6) D:11
 Shoals (4/4) Lair:4        Snake (4/4) Lair:2        Slime (5/5) Lair:5
    Orc (2/2) D:9             Elf (3/3) Orc:2        Vaults (5/5) D:14
  Crypt (3/3) Vaults:3       Tomb (3/3) Crypt:3      Depths (5/5) D:15
   Hell (visited)             Dis (7/7) Hell            Geh (7/7) Hell
    Coc (7/7) Hell            Tar (7/7) Hell            Zot (5/5) Depths:5
  Sewer (visited)         Ossuary (visited)           IceCv (visited)
Volcano (visited)

Altars:
Ashenzari
Cheibriados
Dithmenos
Elyvilon
Fedhas
Gozag
Hepliaklqana
Kikubaaqudgha
Makhleb
Nemelex Xobeh
Okawaru
Qazlal
Ru
Sif Muna
Trog
Uskayaw
Vehumet
Wu Jian
Xom
Yredelemnul
Zin
The Shining One
Jiyva

Shops:
D:9 (   Orc:1 *   Orc:2 =*[(*   Elf:2 [   Snake:2 (*(:   Snake:3 ==:
Snake:4 [   Vaults:2 ?   Vaults:5 =   Depths:1 (=(   Depths:4 [   Depths:5 *(:?

Portals:
Hell: Depths:1 Depths:2 Depths:3 Depths:4 Depths:5
Abyss: Depths:4
Pandemonium: Depths:2 Depths:3 Depths:4
Ziggurat: Depths:3

Annotations:
Snake:1 Roxanne
Elf:1 6 runed translucent doors


Innate Abilities, Weirdness & Mutations

You are immune to sickness and miasma.
Your stone body is resilient. (AC +20)
You are immune to poison.
Your large and strong wings let you fly.
You resist negative energy. (rN+)
You are resistant to electric shocks. (rElec)
You are resistant to unholy torment.
You can survive without breathing.
You are immune to petrification.
You have a pair of small antennae on your head.
You have very sharp teeth.
You have sharp toenails.
Your flesh is heat resistant. (rF+)
You passively map a small area around you.
Your spells are much easier to cast, but much less powerful.


Message History

Z - a +8 broad axe of holy wrath (weapon)
You can't go up here!
There is a stone staircase leading up here.
You fly upwards.
There is a stone staircase leading down here.
There is an escape hatch in the ceiling here.
A mysterious force pulls you upwards. The hatch slams shut behind you.
There is a stone staircase leading up here.
You fly upwards.
There is a stone staircase leading down here.
You see here a +0 dagger.
You see here 21 sling bullets.
You see here a +0 whip.
There is an open door here.
Magic restored.
There is a stone staircase leading up here.
You fly upwards.
There is a stone staircase leading down here.
There is an escape hatch in the ceiling here.
A mysterious force pulls you upwards. The hatch slams shut behind you.
Press: ? - help, v - describe, . - travel The floor.
This square is lit by a halo and is covered in magical glow.
You see here 14 stones.
A large abomination comes into view.
You can't go up here!
You stride towards the large abomination!
You hit the large abomination.
The large abomination convulses.
The large abomination is lightly damaged.
You slash the large abomination!
The large abomination convulses.
The large abomination is heavily damaged.
You block the large abomination's attack.
You slice the large abomination!!
The large abomination convulses.
The large abomination is almost destroyed.
You block the large abomination's attack.
You cut the large abomination into ribbons!!!
You destroy the large abomination!
The Shining One accepts your kill.
There is a staircase leading out of the dungeon here.
You have escaped!

.# #..............# .#
#.....##.......# .#####
#..............#
.....#####......#.......########
#..........##..#.#.............#
..............#...#......#####.##
.........#####.....#####.# #...
..........#...........#..# ####
...........#....@....#...### #..
..>........#.........#.....####..
..........#...........#.........)
.........#####.....#####.#...##.#
#.............#...#).....###.#..#
########.#.....#.#...............
#........#.........#######
#....................####.
######..#...............#......


There were no monsters in sight!

Vanquished Creatures
  Cerebov (Pan)
  Antaeus (Coc:7)
  Asmodeus (Geh:7)
  the Royal Jelly (Slime:5)
  Dissolution (Slime:4)
  Ereshkigal (Tar:7)
  Lom Lobon (Pan)
  A seraph (Pan)
  Gloorx Vloq (Pan)
  Mnoleg (Pan)
  Dispater (Dis:7)
  6 dread liches
  Khufu (Tomb:1)
  6 ancient liches
  3 orbs of fire
  Mennas (Pan)
  Sojobo (Vaults:1)
  7 pandemonium lords
  28 royal mummies
  Margery (Crypt:2)
  5 Killer Klowns (Zot:5)
  Xtahua (Crypt:1)
  A curse toe (Zot:1)
  A caustic shrike (Depths:3)
  8 shard shrikes
  Nikola (Elf:1)
  Geryon (Hell)
  3 profane servitors
  Jory (Depths:5)
  12 golden dragons
  2 pearl dragons (Pan)
  36 bone dragons
  32 Tzitzimimeh
  9 doom hounds
  28 Brimstone Fiends
  7 iron giants
  3 electric golems
  35 tentacled monstrosities
  10 Hell Sentinels
  4 hellephants
  Rupert (Vaults:1)
  19 Ice Fiends
  Jorgrun (D:15)
  21 Orb Guardians
  29 liches
  7 deep elf master archers
  19 titans
  10 quicksilver dragons
  7 deep elf blademasters
  21 ancient champions
  17 acid blobs
  The ghost of Ijoschar the Bringer of Light, an adept HuFi of the Shining One (Snake:2)
  73 tentacled starspawn
  2 krakens
  10 sphinxes
  23 Executioners
  Gastronok (D:12)
  8 death cobs
  Agnes (Vaults:1)
  2 draconian monks
  18 storm dragons
  6 warmongers
  Kirke (D:12)
  30 shadow dragons
  8 azure jellies
  Donald (Crypt:2)
  7 tengu reavers
  12 nagarajas
  7 blood saints
  12 rockslimes
  22 frost giants
  A revenant (Tomb:2)
  18 daevas
  30 balrugs
  4 draconian scorchers
  8 deep elf elementalists (Elf:3)
  10 corrupters (Pan)
  13 vault wardens
  8 draconian knights
  3 orc warlords
  9 deep elf sorcerers
  21 fire giants
  13 iron dragons
  3 ghost moths
  Aizul (Depths:2)
  29 angels
  17 ghouls
  6 draconian shifters
  27 cacodemons
  3 curse skulls
  5 draconian stormcallers
  22 ironbound preservers
  3 quicksilver oozes (Slime:5)
  61 reapers
  28 stone giants
  4 spriggan defenders
  7 draconian annihilators
  15 ophanim (Pan)
  34 war gargoyles
  13 green draconians
  84 very ugly things
  2 elemental wellsprings (Coc:7)
  5 entropy weavers
  10 black suns (Pan)
  20 lorocyprocas
  23 apis (Pan)
  13 vampire knights
  7 bennus
  21 black draconians
  13 deep elf annihilators
  12 red draconians
  9 white draconians
  11 yellow draconians
  11 deep elf demonologists
  2 dire elephants (Vaults:3)
  Nessos (D:12)
  A dire elephant (shapeshifter) (Abyss:3)
  13 purple draconians
  7 spark wasps (Depths:5)
  A minotaur (Shoals:1)
  4 crystal guardians
  6 eidola
  3 merfolk javelineers
  2 jiangshi (Crypt:2)
  6 deep elf death magi
  8 ettins
  2 pearl dragon zombies (Crypt:2)
  25 green deaths
  26 blizzard demons
  Josephine (Lair:5)
  8 quicksilver dragon zombies
  12 yaktaur captains
  23 rakshasas
  7 deep elf high priests
  8 fire dragons
  9 merfolk impalers
  A kraken zombie (Hell)
  24 mummy priests
  The ghost of snetch the Cleaver, a journeyman MiBe of Trog (D:11)
  14 great orbs of eyes
  8 ironbound thunderhulks
  5 monstrous demonspawn (Pan)
  9 quicksilver dragon skeletons
  30 vault guards
  15 naga warriors
  9 boulder beetles
  2 ghost crabs (Tar:7)
  30 ice dragons
  A juggernaut simulacrum (Pan)
  9 hydras
  10 spriggan air magi
  4 merfolk avatars
  3 ogre magi
  A peacekeeper (Vaults:4)
  4 hell beasts
  2 salamander tyrants
  9 anacondas
  A catoblepas (Abyss:2)
  16 two-headed ogres
  8 centaur warriors
  5 merfolk aquamancers
  7 ironbound frosthearts
  30 dancing weapons
  9 deep troll shamans
  Erica (Orc:1)
  3 death knights
  19 death scarabs
  5 deep troll earth magi
  2 satyrs
  14 naga sharpshooters
  4 orc high priests
  55 hell hogs
  11 titan zombies
  6 vampire magi
  90 thrashing horrors
  8 ironbound beastmasters
  5 tengu warriors
  4 shock serpents
  6 spriggan berserkers
  6 holy swine (Pan)
  17 iron golems
  38 deep elf knights
  Urug (Lair:6)
  57 wretched stars
  82 hell knights
  41 soul eaters
  29 sixfirhies
  10 storm dragon zombies
  3 spriggans
  2 fire crabs (Abyss:2)
  9 titan skeletons
  107 skeletal warriors
  53 sun demons
  A deep troll (shapeshifter) (Depths:3)
  34 shadow wraiths
  2 fire crabs (shapeshifter) (Abyss:3)
  13 glowing orange brains
  5 golden dragon zombies
  16 spatial maelstroms
  9 salamander mystics
  22 iron trolls
  225 starcursed masses
  4 storm dragon skeletons
  2 death drakes
  12 sea snakes
  19 anaconda zombies
  10 infernal demonspawn (Pan)
  68 deep trolls
  6 golden dragon skeletons
  6 gelid demonspawn (Pan)
  2 bog bodies (Crypt:1)
  12 torturous demonspawn (Pan)
  21 flayed ghosts
  16 cherubim (Pan)
  A swamp dragon (Abyss:2)
  4 ghost moth zombies
  12 naga ritualists
  28 shadow demons
  Pikel (D:9)
  6 shadow dragon zombies
  8 anaconda skeletons
  17 ironbound convokers
  32 deep elf zephyrmancers
  18 lindwurms
  A kraken simulacrum (Hell)
  16 phantasmal warriors
  A lindwurm (shapeshifter) (Vaults:5)
  24 deep elf archers
  11 orc knights
  5 shadow dragon skeletons
  13 wizards
  An orb spider (Abyss:3)
  A wolf spider (shapeshifter) (Depths:4)
  30 harpies
  40 necromancers
  8 fire giant zombies
  73 ugly things
  34 deep elf pyromancers
  13 stone giant zombies
  9 mana vipers
  8 iron dragon zombies
  23 salamanders
  3 shining eyes (Slime:5)
  10 cyclopes
  4 will-o-the-wisps
  7 fauns
  9 orc sorcerers
  9 wolf spider zombies
  10 frost giant zombies
  13 manticores
  A manticore (shapeshifter) (Depths:5)
  16 worldbinders
  3 iron dragon skeletons
  6 merfolk sirens
  16 elephants
  5 dire elephant zombies
  3 stone giant skeletons
  3 shock serpent zombies
  30 moths of wrath
  34 black mambas
  9 fire giant skeletons
  83 smoke demons
  16 vault sentinels
  8 frost giant skeletons
  3 guardian serpents (shapeshifter)
  9 guardian serpents
  4 apis skeletons (Crypt:2)
  Maurice (Orc:1)
  12 molten gargoyles
  46 rust devils
  28 orange demons
  3 eyes of devastation
  5 water nymphs
  3 emperor scorpion zombies
  A gargoyle (D:12)
  30 naga magi
  A storm dragon simulacrum (Abyss:3)
  9 apocalypse crabs
  3 ice statues
  2 shock serpent skeletons
  A minotaur zombie (Dis:1)
  11 cane toads
  A catoblepas zombie (Hell)
  A pale draconian zombie (Crypt:2)
  7 dire elephant skeletons
  22 efreet
  43 hellions
  23 yaktaurs
  4 rime drakes
  15 unseen horrors
  12 komodo dragons
  An unseen horror (shapeshifter) (D:14)
  An alligator snapping turtle skeleton (Crypt:2)
  2 kobold demonologists
  55 tormentors
  4 tengu conjurers
  50 red devils
  40 freezing wraiths
  60 ancient zymes
  4 harpy zombies
  A catoblepas skeleton (Dis:2)
  30 hellwings
  10 demonic crawlers
  A golden dragon simulacrum (Crypt:1)
  41 guardian mummies
  A sea snake skeleton (Hell)
  8 trolls
  23 ice devils
  2 polar bears (shapeshifter)
  2 silent spectres (Tar:7)
  35 merfolk
  A jumping spider (Vaults:3)
  6 polar bears
  A grey draconian skeleton (Crypt:1)
  A queen bee (Abyss:3)
  8 meliai
  6 hornets
  11 hydra zombies
  A jumping spider (shapeshifter) (Abyss:3)
  21 wind drakes
  66 slime creatures
  98 raiju
  5 ice dragon zombies
  9 hydra skeletons
  2 iron dragon simulacra
  13 alligator zombies
  4 harpy skeletons
  A dream sheep (Lair:2)
  24 blink frogs
  A fire giant simulacrum (Coc:1)
  7 fire dragon zombies
  15 snapping turtles
  A snapping turtle (shapeshifter) (D:14)
  14 ettin skeletons
  A stone giant simulacrum (Crypt:1)
  2 deep troll zombies (Hell)
  3 alligator skeletons
  9 ettin zombies
  8 centaur simulacra
  220 flying skulls
  5 fire dragon skeletons
  10 redbacks
  3 vampires
  58 ynoxinuls
  34 water elementals
  A dire elephant simulacrum (Abyss:2)
  4 ice dragon skeletons
  29 shadows
  8 air elementals
  3 black mamba zombies
  21 ushabtiu
  5 wyverns
  6 golden eyes
  Eustachio (D:4)
  43 wraiths
  20 fire bats
  47 yaks
  A basilisk (shapeshifter) (Abyss:1)
  6 basilisks
  38 fire elementals
  2 black mamba skeletons (Geh:6)
  2 steam dragons
  37 neqoxecs
  2 hogs (D:12)
  5 vampire mosquitoes
  35 chaos spawn
  28 spatial vortices
  195 large abominations
  A hydra simulacrum (Abyss:1)
  4 wargs
  54 nagas
  An acid dragon (D:12)
  80 hell hounds
  7 cane toad zombies
  2 torturous demonspawn skeletons
  19 water moccasins
  14 ice beasts
  36 orc warriors
  A sky beast (Abyss:2)
  3 swamp dragon zombies
  5 cane toad skeletons
  9 snapping turtle zombies
  An ettin simulacrum (Hell)
  A fire dragon simulacrum (Tar:5)
  105 small abominations
  A hornet zombie (D:8)
  2 manticore zombies
  6 black bears
  31 necrophages
  9 ogres
  27 wolves
  14 centaurs
  A centaur (shapeshifter) (D:12)
  An elephant skeleton (Crypt:1)
  4 manticore skeletons
  2 swamp dragon skeletons (Pan)
  7 snapping turtle skeletons
  9 phantoms
  A lemure (D:9)
  A kobold brigand (Sewer)
  A fire crab zombie (Crypt:2)
  An octopode zombie (Crypt:2)
  An elf zombie (Geh:7)
  9 bullfrogs
  8 earth elementals
  A gnoll sergeant (D:12)
  A scorpion (D:7)
  2 cane toad simulacra (Coc:2)
  A troll zombie (Tar:2)
  129 wights
  2 tengu zombies (Hell)
  A swamp dragon simulacrum (Coc:2)
  5 killer bees
  A snapping turtle simulacrum (Coc:7)
  2 howler monkeys
  3 electric eels
  A wolf zombie (Crypt:1)
  A lava snake (Lair:4)
  14 crimson imps
  10 centaur zombies
  4 jellies
  14 quasits
  4 human zombies
  A gnoll shaman (D:7)
  A hound (shapeshifter) (Elf:1)
  30 orc priests
  3 bullfrog skeletons
  4 hounds
  4 centaur skeletons
  44 iron imps
  7 iguanas
  3 human skeletons (Tar:7)
  A scorpion zombie (D:5)
  Natasha (D:4)
  31 orc wizards
  6 hell rats (Hell)
  A felid zombie (Crypt:1)
  2 ogre zombies
  A tengu skeleton (Geh:6)
  A deep dwarf skeleton (Crypt:2)
  A hound skeleton (D:5)
  61 mummies
  A howler monkey zombie (D:9)
  4 gnolls (D:7)
  11 adders
  An ogre simulacrum (Abyss:2)
  A river rat (Sewer)
  A swamp drake skeleton (Crypt:1)
  30 shadow imps
  31 white imps
  13 ufetubi
  An adder zombie (Crypt:1)
  4 worms
  4 dart slugs
  94 orcs
  7 ball pythons
  5 bats
  7 endoplasms
  5 giant cockroaches
  2 gnoll zombies (Ossuary)
  8 hobgoblins
  7 jackals
  10 kobolds
  3 quokkas
  2 frilled lizards (D:2)
  14 goblins
  4 hobgoblin zombies (Ossuary)
  A kobold skeleton (Pan)
  2 kobold zombies
  An orc skeleton (Abyss:4)
  An orc zombie (Ossuary)
  A quokka skeleton (D:4)
  7 rats
  A butterfly (Lair:1)
  3 fire vortices (Pan)
  11 lurking horrors
  62 starspawn tentacles
  10 tentacles
6817 creatures vanquished.

Vanquished Creatures (collateral kills)
  2 dread liches (Zot:5)
  2 orbs of fire (Zot:5)
  3 royal mummies (Tomb:3)
  An electric golem (Zot:5)
  5 Orb Guardians (Zot:5)
  An Executioner (Abyss:4)
  A draconian monk (Zot:5)
  A fire giant (Abyss:4)
  A draconian knight (Zot:3)
  A stone giant (Depths:3)
  A green draconian (Abyss:4)
  A bennu (Tomb:3)
  A red draconian (Abyss:2)
  A black draconian (Zot:5)
  An eidolon (Abyss:4)
  7 death scarabs (Tomb:3)
  2 deep elf knights (Abyss:2)
  A deep elf zephyrmancer (Abyss:2)
  An apocalypse crab (Abyss:4)
  A smoke demon (Abyss:4)
  A starcursed mass (Abyss:4)
  6 guardian mummies (Tomb:3)
  2 raiju
  4 flying skulls
  3 ushabtiu (Tomb:3)
  A large abomination (Abyss:4)
  A small abomination (Abyss:4)
  2 wights (Abyss:4)
  4 mummies (Tomb:3)
  A tentacle (Abyss:4)
60 creatures vanquished.

Vanquished Creatures (others)
  A deep elf annihilator (Elf:3)
  An elemental wellspring (Coc:7)
  4 hell hogs
  A tengu warrior (Depths:1)
  A deep elf knight (Elf:2)
  A sun demon (Geh:7)
  A necromancer (Hell)
  2 wizards
  3 deep elf pyromancers
  A black mamba (Snake:1)
  2 raiju (Abyss:3)
  2 large abominations
  A shock serpent simulacrum (Abyss:3)
  2 ynoxinuls (Pan)
  3 humans (D:12)
  A water elemental (Abyss:3)
  A fire elemental (Abyss:4)
  4 golden eyes
  2 nagas
  2 orc warriors (Elf:1)
  4 small abominations
  5 wights
  A howler monkey (D:7)
  A human skeleton (Geh:5)
  An orc wizard (Orc:1)
  A mummy (Tomb:2)
  A white imp (Coc:7)
  5 ball lightnings (Pan)
  A bush (Abyss:1)
  5 demonic plants (Abyss:3)
  10 foxfires
  40 fungi
  6 lurking horrors
  189 plants
  110 starspawn tentacles
  8 tentacles
  A withered plant (Tar:1)
425 creatures vanquished.

Grand Total: 7302 creatures vanquished

Notes
Turn   | Place    | Note
-------+----------+-------------------------------------------
     0 | D:1      | karrick the Gargoyle Fighter began the quest for the Orb.
     0 | D:1      | Reached XP level 1. HP: 14/14 MP: 1/1
    67 | D:1      | Reached XP level 2. HP: 5/19 MP: 2/2
   500 | D:1      | Found a faded altar of an unknown god.
   803 | D:2      | Reached XP level 3. HP: 22/24 MP: 3/3
  1169 | D:2      | Reached XP level 4. HP: 18/29 MP: 4/4
  2117 | D:3      | Reached XP level 5. HP: 32/33 MP: 5/5
  2649 | D:4      | Noticed Eustachio
  2722 | D:4      | Noticed a black bear
  2728 | D:4      | Killed a black bear
  2845 | D:4      | Reached skill level 1 in Dodging
  2845 | D:4      | Reached XP level 6. HP: 34/38 MP: 6/6
  3215 | D:4      | Found a staircase to the Ecumenical Temple.
  3231 | Temple   | Entered the Ecumenical Temple
  3644 | D:4      | Killed Eustachio
  3645 | D:4      | Reached skill level 5 in Maces & Flails
  3645 | D:4      | Reached XP level 7. HP: 31/43 MP: 7/7
  3816 | D:4      | Noticed Natasha
  3826 | D:4      | Killed Natasha
  3891 | D:4      | Found an ornate altar of the Wu Jian Council.
  4049 | D:5      | Entered Level 5 of the Dungeon
  4147 | D:5      | Reached skill level 1 in Short Blades
  4149 | D:5      | Found a blossoming altar of Fedhas.
  4204 | D:5      | Reached skill level 5 in Shields
  4249 | D:5      | Reached skill level 5 in Armour
  4339 | D:5      | Found a sand-covered staircase.
  4370 | Ossuary  | Entered an ossuary
  4434 | Ossuary  | Reached XP level 8. HP: 44/48 MP: 8/8
  4979 | D:5      | Identified the +1 helmet of Modern Life {Will+}
  5071 | D:5      | Found a shimmering altar of Xom.
  5350 | D:5      | Reached skill level 5 in Fighting
  5350 | D:5      | Reached skill level 1 in Stealth
  5970 | D:6      | Found a glowing drain.
  5979 | Sewer    | Entered a sewer
  6247 | Sewer    | Found a white marble altar of Elyvilon.
  6544 | D:6      | Found a sacrificial altar of Ru.
  6545 | D:6      | Found a snail-covered altar of Cheibriados.
  6571 | D:6      | Reached XP level 9. HP: 54/54 MP: 9/9
  7304 | D:7      | Found a basalt altar of Yredelemnul.
  7306 | D:7      | Noticed a profane servitor
  7530 | D:7      | Found a glowing golden altar of the Shining One.
  7532 | D:7      | Noticed an angel
  8975 | D:8      | Found a stormy altar of Qazlal.
  9364 | D:9      | Found a staircase to the Orcish Mines.
  9373 | D:9      | Found an opulent altar of Gozag.
  9428 | D:9      | Found a bloodstained altar of Trog.
  9556 | D:9      | Found an iron altar of Okawaru.
  9629 | D:9      | Became a worshipper of Warmaster Okawaru
  9796 | D:9      | Reached XP level 10. HP: 34/60 MP: 10/10
  9963 | D:9      | Noticed Pikel
 10012 | D:9      | Killed Pikel
 10363 | D:9      | Found Dadafom's Weapon Shop.
 10597 | D:9      | Found a burning altar of Makhleb.
 10840 | D:10     | Entered Level 10 of the Dungeon
 10974 | D:9      | Reached * piety under Okawaru
 11382 | D:11     | Found a runed translucent gate.
 11382 | D:11     | Found a runed translucent gate.
 11382 | D:11     | Found a runed translucent gate.
 11439 | D:11     | Noticed a two-headed ogre
 11477 | D:10     | Noticed a two-headed ogre
 11478 | D:10     | Noticed a two-headed ogre
 11501 | D:11     | Killed a two-headed ogre
 11502 | D:11     | Reached skill level 1 in Invocations
 11505 | D:11     | Reached ** piety under Okawaru
 11892 | D:11     | Reached XP level 11. HP: 52/67 MP: 12/12
 11934 | D:11     | Reached skill level 10 in Maces & Flails
 11980 | D:11     | Reached skill level 10 in Shields
 11993 | D:11     | Found a staircase to the Lair.
 12026 | D:11     | Noticed a boulder beetle
 12486 | D:10     | Killed a two-headed ogre
 12613 | D:10     | Killed a two-headed ogre
 12613 | D:10     | Reached *** piety under Okawaru
 12952 | D:11     | Noticed a cyclops
 12980 | D:11     | Killed a cyclops
 13229 | D:12     | Noticed a green ugly thing
 13377 | D:12     | Noticed a deep elf pyromancer
 13386 | D:13     | Noticed a centaur warrior
 13410 | D:13     | Killed a centaur warrior
 13411 | D:13     | Reached skill level 5 in Dodging
 13458 | D:13     | Noticed a cyclops
 13459 | D:13     | Noticed a centaur warrior
 13525 | D:14     | Noticed a manticore
 13538 | D:14     | Killed a manticore
 13557 | D:14     | Noticed a deep elf pyromancer
 13560 | D:14     | Noticed a skeletal warrior
 13569 | D:14     | Noticed a skeletal warrior
 13577 | D:14     | Killed a deep elf pyromancer
 13577 | D:14     | Reached **** piety under Okawaru
 13585 | D:14     | Identified 4 scrolls of acquirement
 13585 | D:14     | Acquired the +3 Elemental Staff {rElec rF++ rC++ Will++
                  | AC+5}
 13586 | D:14     | Found the +3 Elemental Staff {rElec rF++ rC++ Will++ AC+5}
 13828 | D:13     | Noticed a cyclops
 13856 | D:13     | Killed a cyclops
 13952 | D:13     | Noticed a manticore
 13978 | D:13     | Killed a manticore
 14038 | D:12     | Noticed a boulder beetle
 14250 | D:12     | Noticed a deep elf pyromancer
 14268 | D:12     | Killed a deep elf pyromancer
 14269 | D:12     | Reached skill level 5 in Invocations
 14273 | D:12     | Noticed a two-headed ogre
 14353 | D:12     | Reached XP level 12. HP: 54/73 MP: 12/15
 14421 | D:12     | Killed a two-headed ogre
 14421 | D:12     | Reached ***** piety under Okawaru
 14570 | D:12     | Noticed Kirke
 14576 | D:12     | Noticed a sphinx
 14631 | D:12     | Killed Kirke
 14810 | D:11     | Killed a boulder beetle
 14810 | D:11     | Received a gift from Okawaru
 15108 | D:11     | Noticed an eight-headed hydra
 15279 | D:11     | Noticed snetch's ghost (journeyman MiBe)
 15464 | Lair:1   | Entered Level 1 of the Lair of Beasts
 15950 | Lair:1   | Noticed a six-headed hydra
 15979 | Lair:1   | Killed a six-headed hydra
 16996 | Lair:2   | Found a staircase to the Snake Pit.
 17350 | Lair:2   | Noticed a four-headed hydra
 17369 | Lair:2   | Killed a four-headed hydra
 17653 | Lair:2   | Reached XP level 13. HP: 79/80 MP: 18/18
 18480 | Lair:2   | Identified the +4 scimitar of Vinil {flame, rN+ Str-4 SInv
                  | Stlth+} (Okawaru gifted it to you on level 2 of the Lair of
                  | Beasts)
 18480 | Lair:2   | Received a gift from Okawaru
 20076 | Lair:3   | Received a gift from Okawaru
 20957 | Lair:3   | Received a gift from Okawaru
 21132 | Lair:4   | Found a shimmering blue altar of Sif Muna.
 21256 | Lair:4   | Gained mutation: Your large and strong wings let you fly.
                  | [Gargoyle growth]
 21256 | Lair:4   | Reached XP level 14. HP: 69/86 MP: 20/20
 21300 | Lair:4   | Found a staircase to the Shoals.
 21312 | Lair:4   | Found a frozen archway.
 21369 | IceCv    | Entered an ice cave
 21427 | IceCv    | Found a transporter.
 21450 | IceCv    | Found a transporter.
 22062 | Lair:4   | Received a gift from Okawaru
 22877 | Lair:5   | Noticed Josephine
 22922 | Lair:5   | Killed Josephine
 23237 | Lair:5   | Found a bloodstained altar of Trog.
 23469 | Lair:5   | Found a viscous altar of Jiyva.
 23477 | Lair:5   | Found a staircase to the Slime Pits.
 23776 | Lair:6   | Entered Level 6 of the Lair of Beasts
 24160 | Lair:6   | Reached skill level 10 in Fighting
 24547 | Lair:6   | Reached ****** piety under Okawaru
 24575 | Lair:6   | Noticed Urug
 24581 | Lair:6   | Received a gift from Okawaru
 24594 | Lair:6   | Killed Urug
 24595 | Lair:6   | Reached skill level 1 in Axes
 24595 | Lair:6   | Reached skill level 10 in Invocations
 26851 | D:12     | Reached XP level 15. HP: 20/92 MP: 22/22
 27157 | D:12     | Noticed Nessos
 27285 | D:12     | Killed Nessos
 27546 | D:12     | Noticed Gastronok
 27602 | D:12     | Killed Gastronok
 27756 | D:13     | Identified the +1 ring mail of Anarchy {Fly Str+4 Slay-2}
                  | (Okawaru gifted it to you on level 13 of the Dungeon)
 27756 | D:13     | Received a gift from Okawaru
 28431 | D:12     | Reached skill level 15 in Shields
 29401 | D:14     | Found a shadowy altar of Dithmenos.
 29872 | D:14     | Found a portal to a secret trove of treasure.
 30093 | D:14     | Found a gate to the Vaults.
 30767 | D:15     | Entered Level 15 of the Dungeon
 30809 | D:14     | Received a gift from Okawaru
 31401 | D:15     | Cast into level 2 of the Abyss (a wizard)
 31434 | D:15     | Escaped the Abyss
 31527 | D:15     | Found a staircase to the Depths.
 31546 | D:15     | Reached XP level 16. HP: 74/100 MP: 24/24
 31766 | D:15     | Noticed Jorgrun
 32007 | Orc:1    | Entered Level 1 of the Orcish Mines
 32098 | Orc:1    | Found Wivit's General Store.
 32203 | Orc:1    | Noticed Erica
 32216 | Orc:1    | Noticed Maurice
 32220 | Orc:1    | Killed Erica
 32232 | Orc:1    | Killed Maurice
 32236 | Orc:1    | Found a dark tunnel.
 32382 | Volcano  | Entered a volcano
 32907 | Orc:2    | Entered Level 2 of the Orcish Mines
 32907 | Orc:2    | Found a staircase to the Elven Halls.
 33413 | Orc:2    | Found Eloc's Assorted Antiques.
 33450 | Orc:2    | Bought a purple potion for 26 gold pieces
 33679 | Orc:2    | Identified the +1 ring mail "Peing" {rC+} (Okawaru gifted
                  | it to you on level 2 of the Orcish Mines)
 33679 | Orc:2    | Received a gift from Okawaru
 34472 | Orc:2    | Found Dianuwn's General Store.
 34473 | Orc:2    | Found Puont's Jewellery Boutique.
 34475 | Orc:2    | Found Qesuyqiq's Antique Armour Boutique.
 34475 | Orc:2    | Found Jogefu's Antique Weapon Shop.
 34480 | Orc:2    | Bought a masterwork ring mail for 234 gold pieces
 34480 | Orc:2    | Identified the +0 ring mail "Oleh" {rPois rN+ Dex+4} (You
                  | bought it in a shop on level 2 of the Orcish Mines)
 34480 | Orc:2    | Bought an encrusted ring mail for 234 gold pieces
 34480 | Orc:2    | Identified the +5 ring mail "Faudiramn" {Will+} (You bought
                  | it in a shop on level 2 of the Orcish Mines)
 34492 | Orc:2    | Bought a scroll of acquirement for 728 gold pieces
 34494 | Orc:2    | Bought the ring of Bucwy {rPois rF+ Will- Slay+5} for 742
                  | gold pieces
 34974 | D:11     | Killed snetch's ghost
 35173 | D:15     | Killed Jorgrun
 35174 | D:15     | Reached skill level 5 in Axes
 35685 | Shoals:1 | Entered Level 1 of the Shoals
 35753 | Snake:1  | Entered Level 1 of the Snake Pit
 36125 | Snake:1  | Identified the +1 cloak "Tetufedd" {Rampage Will- rCorr}
                  | (Okawaru gifted it to you on level 1 of the Snake Pit)
 36125 | Snake:1  | Received a gift from Okawaru
 36196 | Snake:1  | Noticed Roxanne
 36674 | Snake:2  | Found a bloodstained altar of Trog.
 36676 | Snake:2  | Noticed Ijoschar's ghost (adept HuFi)
 36681 | Snake:2  | Found a transporter.
 36684 | Snake:2  | Found a transporter.
 36702 | Snake:2  | Found Sochagor's Weapon Emporium.
 36711 | Snake:2  | Reached XP level 17. HP: 98/106 MP: 26/26
 36759 | Snake:2  | Found Weeteol's Antique Weapon Shop.
 37034 | Snake:2  | Found Ozxaan's Assorted Antiques.
 37060 | Snake:2  | Bought a faintly glowing sapphire amulet for 110 gold
                  | pieces
 37060 | Snake:2  | Identified the amulet "Kiffa" {RegenMP Dex+3 Stlth+} (You
                  | bought it in a shop on level 2 of the Snake Pit)
 37060 | Snake:2  | Bought a scroll of enchant weapon for 165 gold pieces
 37178 | Snake:2  | Received a gift from Okawaru
 37204 | Snake:2  | Found Juligood's Book Shoppe.
 37220 | Snake:2  | Found a runed translucent door.
 37914 | Snake:3  | Found Bumudwips's Book Emporium.
 37914 | Snake:3  | Found Dedestri's Jewellery Shop.
 37914 | Snake:3  | Found Massusk's Jewellery Shop.
 38130 | Snake:3  | Found a sacrificial altar of Ru.
 38371 | Snake:4  | Entered Level 4 of the Snake Pit
 38660 | Snake:4  | Identified the +5 mace "Widowmaker" {flame, rElec rN+
                  | Str+4} (Okawaru gifted it to you on level 4 of the Snake
                  | Pit)
 38660 | Snake:4  | Received a gift from Okawaru
 38741 | Snake:4  | Found Taetau's Armour Boutique.
 38960 | Snake:4  | Reached XP level 18. HP: 106/113 MP: 28/28
 39171 | Snake:4  | Received a gift from Okawaru
 39356 | Snake:4  | Reached skill level 10 in Axes
 39442 | Snake:4  | Got a serpentine rune of Zot
 40080 | Shoals:1 | Found a hide-covered altar of Uskayaw.
 40093 | Shoals:1 | Received a gift from Okawaru
 40146 | Shoals:1 | Identified the +8 longbow of Anlanit {vorpal, Dex+2}
 40196 | Shoals:1 | Identified the +1 fustibalus "Moamoib" {vorpal, Stlth+}
 41049 | Shoals:2 | Received a gift from Okawaru
 42247 | Shoals:3 | Reached XP level 19. HP: 105/119 MP: 30/30
 42808 | Shoals:4 | Entered Level 4 of the Shoals
 42946 | Shoals:4 | Reached skill level 15 in Invocations
 42970 | Shoals:4 | Received a gift from Okawaru
 43363 | Shoals:4 | Reached skill level 10 in Dodging
 43455 | Shoals:4 | Got a barnacled rune of Zot
 43764 | Shoals:4 | Received a gift from Okawaru
 44267 | Vaults:1 | Entered Level 1 of the Vaults
 44433 | Vaults:1 | Received a gift from Okawaru
 44437 | Vaults:1 | Noticed Agnes
 44443 | Vaults:1 | Noticed Sojobo
 44485 | Vaults:1 | Noticed Rupert
 44502 | Vaults:1 | Killed Agnes
 44518 | Vaults:1 | Killed Rupert
 44619 | Vaults:1 | Reached XP level 20. HP: 117/128 MP: 15/31
 44694 | Vaults:1 | Killed Sojobo
 45527 | Vaults:2 | Found Cycapixy's Magic Scroll Emporium.
 45532 | Vaults:2 | Bought a scroll of teleportation for 60 gold pieces
 45607 | Vaults:2 | Received a gift from Okawaru
 45865 | Vaults:2 | Reached skill level 15 in Fighting
 46327 | Vaults:2 | Reached skill level 5 in Stealth
 46449 | Vaults:2 | Identified the +7 chain mail of Zugg {Contam +Blink Int+4}
 46493 | Vaults:2 | Received a gift from Okawaru
 46568 | Vaults:2 | Acquired the +3 pair of seven-league boots {Rampage+∞}
 46569 | Vaults:2 | Found the +3 pair of seven-league boots {Rampage+∞}
 47535 | Vaults:3 | Identified the +6 flail of Hent {vorpal, Str+2} (Okawaru
                  | gifted it to you on level 3 of the Vaults)
 47535 | Vaults:3 | Received a gift from Okawaru
 47571 | Vaults:3 | Reached XP level 21. HP: 115/136 MP: 32/32
 48030 | Vaults:3 | Received a gift from Okawaru
 48361 | Vaults:3 | Found a staircase to the Crypt.
 48849 | Vaults:3 | Received a gift from Okawaru
 49035 | Vaults:4 | Reached skill level 15 in Axes
 49420 | Vaults:4 | Received a gift from Okawaru
 49839 | Vaults:4 | Reached XP level 22. HP: 145/145 MP: 33/33
 50410 | Snake:2  | Bought a manual of Dodging for 1766 gold pieces
 50857 | Vaults:5 | Entered Level 5 of the Vaults
 51224 | Elf:1    | Entered Level 1 of the Elven Halls
 51275 | Elf:1    | Received a gift from Okawaru
 52042 | Elf:1    | Noticed Nikola
 52058 | Elf:1    | Killed Nikola
 52322 | Elf:1    | Identified the +5 dagger of Hospitality {pain, Dex+2}
 52518 | Elf:1    | Found a runed translucent gate.
 52518 | Elf:1    | Found a runed translucent gate.
 52518 | Elf:1    | Found a runed translucent gate.
 52518 | Elf:1    | Found a runed translucent gate.
 52518 | Elf:1    | Found a runed translucent gate.
 52548 | Elf:1    | Found a runed translucent gate.
 52827 | Elf:2    | Found Kiomiubash's Antique Armour Boutique.
 52839 | Elf:2    | Bought a pair of ancient gloves for 209 gold pieces
 52839 | Elf:2    | Identified the +2 pair of gloves of the Lily {Rampage rElec
                  | Stlth+} (You bought it in a shop on level 2 of the Elven
                  | Halls)
 52953 | Elf:2    | Identified the amulet "Nogg" {Spirit rC+ rN+ Dex+3 Stlth+}
 53080 | Elf:2    | Found a runed translucent gate.
 53092 | Elf:2    | Found a runed translucent gate.
 53094 | Elf:2    | Found a runed translucent gate.
 53488 | Elf:2    | Identified the +0 ring mail "Cunaqosmymm" {Harm Rampage
                  | rElec} (Okawaru gifted it to you on level 2 of the Elven
                  | Halls)
 53488 | Elf:2    | Received a gift from Okawaru
 53640 | Elf:2    | Reached skill level 10 in Armour
 53827 | Elf:3    | Entered Level 3 of the Elven Halls
 54452 | Elf:3    | Cast into level 3 of the Abyss (a deep elf sorcerer)
 54629 | Abyss:3  | Reached XP level 23. HP: 146/152 MP: 34/34
 54852 | Elf:3    | Escaped the Abyss
 54926 | Elf:3    | Received a gift from Okawaru
 55326 | Elf:3    | Identified the ring of Jaity {Fly rElec rPois rCorr Int-3}
 55590 | Elf:3    | Received a gift from Okawaru
 55591 | Elf:3    | Found the +7 sceptre of Torment {pain, torment}
 56303 | Elf:3    | Identified the ring "Washriso" {Wiz rF+++ rN++ Slay-2
                  | Stlth+}
 56319 | Elf:3    | Identified the ring "Hirio" {rN+ SInv}
 56762 | Depths:1 | Entered Level 1 of the Depths
 56868 | Depths:1 | You are sucked into a shaft and drop 1 floor!
 56887 | Depths:2 | Received a gift from Okawaru
 57172 | Depths:1 | Found a gateway to Hell.
 57600 | Depths:1 | Found Xixunoc's Antique Weapon Shoppe.
 57602 | Depths:1 | Found Estreesk's Jewellery Emporium.
 57605 | Depths:1 | Found Qigo's Weapon Shoppe.
 57890 | Depths:1 | Reached XP level 24. HP: 136/160 MP: 35/35
 57981 | Depths:1 | Identified the +4 tower shield "Ixogrocw" {Int-3 Dex+8}
                  | (Okawaru gifted it to you on level 1 of the Depths)
 57981 | Depths:1 | Received a gift from Okawaru
 58094 | Depths:1 | Identified the amulet "Umpavogruts" {Faith rElec Int+5}
 58543 | Depths:2 | Noticed Aizul
 58560 | Depths:2 | Killed Aizul
 58573 | Depths:2 | Found the +6 shillelagh "Devastator" {shatter}
 59183 | Depths:2 | Found a one-way gate leading to the halls of Pandemonium.
 59599 | Depths:3 | Found a flickering gateway to a bazaar.
 59605 | Bazaar   | Entered a bazaar
 59636 | Bazaar   | Found Wihytar's Assorted Antiques.
 59645 | Bazaar   | Bought a scroll of teleportation for 45 gold pieces
 59660 | Bazaar   | Found Vobul's Jewellery Shoppe.
 59727 | Bazaar   | Found Yrphoa's Assorted Antiques.
 59731 | Bazaar   | Bought a scroll of acquirement for 936 gold pieces
 59742 | Bazaar   | Found Emecs's Assorted Antiques.
 59748 | Bazaar   | Bought a scroll of magic mapping for 84 gold pieces
 59764 | Bazaar   | Bought a scroll of blinking for 135 gold pieces
 59926 | Depths:3 | Found a gateway to a ziggurat.
 59943 | Depths:3 | Received a gift from Okawaru
 60540 | Depths:3 | Received a gift from Okawaru
 60646 | Depths:3 | Identified the amulet "Rybiras" {RegenMP rC+ Int+3}
 60704 | Depths:3 | Identified the +3 battleaxe of the Asp {vorpal, Str+3}
 60705 | Depths:3 | Noticed a caustic shrike
 61100 | Depths:3 | Received a gift from Okawaru
 61269 | Depths:3 | Reached XP level 25. HP: 99/168 MP: 35/35
 61485 | Depths:3 | Identified the Collected Works on Spatial Unholy Arts
 61683 | Depths:4 | Acquired a manual of Stealth
 61791 | Depths:4 | Reached skill level 15 in Dodging
 61859 | Depths:4 | Found a one-way gate to the infinite horrors of the Abyss.
 61889 | Depths:4 | Received a gift from Okawaru
 62097 | Depths:4 | Found Daddutet's Antique Armour Boutique.
 62106 | Depths:4 | Bought a pair of warped boots for 285 gold pieces
 62106 | Depths:4 | Identified the +0 pair of boots of Rurauj {rCorr Dex+7}
                  | (You bought it in a shop on level 4 of the Depths)
 62108 | Depths:4 | Bought a scorched scale mail for 270 gold pieces
 62108 | Depths:4 | Identified the +6 scale mail of Tulips {Fly Regen+ Str+4}
                  | (You bought it in a shop on level 4 of the Depths)
 62124 | Depths:4 | Bought a jewelled ring mail for 270 gold pieces
 62124 | Depths:4 | Identified the +5 ring mail of Narcissism {rF- Int+9 Slay+2
                  | Stlth-} (You bought it in a shop on level 4 of the Depths)
 62532 | Depths:5 | Entered Level 5 of the Depths
 62998 | Vaults:5 | Paralysed by a sphinx for 5 turns
 63025 | Vaults:5 | Noticed an ancient lich
 63137 | Vaults:5 | Noticed an ancient lich
 63155 | Vaults:5 | Killed an ancient lich
 63183 | Vaults:5 | Found Jajur's Jewellery Shop.
 63327 | Vaults:5 | Identified the +3 plate armour of the Depths {Rampage}
 63479 | Vaults:5 | Identified the +8 longbow of Crusades {flame, rF+ rCorr}
                  | (Okawaru gifted it to you on level 5 of the Vaults)
 63479 | Vaults:5 | Received a gift from Okawaru
 63576 | Vaults:5 | Identified the +1 dagger "Dymavit" {pain, rPois Int+6}
 63607 | Vaults:5 | Got a silver rune of Zot
 63608 | Vaults:5 | Identified the +6 chain mail "Okuetaow" {+Inv rPois Will+
                  | Str+2}
 63611 | Vaults:5 | Identified the +10 falchion of Chagrin {freeze, rPois rF-
                  | rN+++ rCorr}
 63638 | Vaults:5 | Noticed a dread lich
 63815 | Vaults:5 | Reached skill level 10 in Stealth
 63826 | Vaults:5 | Paralysed by a dread lich for 7 turns
 63832 | Vaults:5 | Gained mutation: Potions are less effective at restoring
                  | your health. [a cacodemon]
 63833 | Vaults:5 | HP: 8/170 [Hell Sentinel[a dread lich] (15)]
 64018 | Vaults:5 | Reached XP level 26. HP: 177/177 MP: 35/35
 64069 | Vaults:5 | Killed an ancient lich
 64273 | Vaults:5 | Received a gift from Okawaru
 64930 | Vaults:5 | Killed a dread lich
 64930 | Vaults:5 | Received a gift from Okawaru
 65731 | Pan      | Entered Pandemonium
 65738 | Pan      | Acquired a manual of Maces & Flails
 65742 | Pan      | Acquired a manual of Shields
 65744 | Pan      | Acquired 1193 gold pieces
 65943 | Pan      | Gained mutation: You are clumsy. (Dex -2) [a cacodemon]
 66007 | Pan      | Noticed Numar the pandemonium lord
 66038 | Pan      | Killed Numar the pandemonium lord
 66051 | Pan      | Got a demonic rune of Zot
 66901 | Pan      | Noticed Xounafry the pandemonium lord
 66935 | Pan      | Killed Xounafry the pandemonium lord
 67036 | Pan      | Gained mutation: You do not regenerate when monsters are
                  | visible. [a cacodemon]
 67082 | Pan      | Lost mutation: Potions are less effective at restoring your
                  | health. [potion of mutation]
 67082 | Pan      | Lost mutation: You are clumsy. (Dex -2) [potion of
                  | mutation]
 67082 | Pan      | Lost mutation: You do not regenerate when monsters are
                  | visible. [potion of mutation]
 67082 | Pan      | Gained mutation: Your magical capacity is low. (-10% MP)
                  | [potion of mutation]
 67082 | Pan      | Gained mutation: You expend magic power (3 MP) to
                  | strengthen your wands. [potion of mutation]
 67082 | Pan      | Gained mutation: You have a somewhat thin skeletal
                  | structure. (Dex +2, Stealth+) [potion of mutation]
 67082 | Pan      | Gained mutation: You are strong-willed. (Will+) [potion of
                  | mutation]
 67267 | Pan      | Gained mutation: You sometimes lose the ability to read
                  | scrolls when taking damage. [a cacodemon]
 67511 | Pan      | Identified the +1 robe "Tuac Joske" {Harm rElec Dex-2}
                  | (Okawaru gifted it to you in Pandemonium)
 67511 | Pan      | Received a gift from Okawaru
 67664 | Pan      | Gained mutation: You are clumsy. (Dex -2) [a cacodemon]
 68002 | Pan      | Reached XP level 27. HP: 183/183 MP: 30/32
 68291 | Pan      | Found an exit through the horrors of the Abyss.
 68297 | Pan      | Took an exit into the Abyss.
 68297 | Abyss:1  | Escaped into the Abyss
 68307 | Abyss:1  | Found a corrupted altar of Lugonu.
 69005 | Abyss:2  | Learned a level 5 spell: Silence
 69053 | Abyss:2  | Found a hide-covered altar of Uskayaw.
 69075 | Abyss:2  | Found a hide-covered altar of Uskayaw.
 69530 | Abyss:2  | Received a gift from Okawaru
 69673 | Abyss:2  | Reached skill level 1 in Spellcasting
 69684 | Abyss:2  | Reached skill level 1 in Hexes
 70398 | Depths:2 | Escaped the Abyss
 70523 | Pan      | Entered Pandemonium
 70535 | Pan      | Received a gift from Okawaru
 70536 | Pan      | Found the +0 pair of fencer's gloves {Riposte Dex+3}
 70804 | Pan      | Found a transporter.
 70808 | Pan      | Found a transporter.
 71009 | Depths:2 | Escaped Pandemonium
 71211 | Depths:4 | Voluntarily entered the Abyss.
 71216 | Abyss:1  | Found a corrupted altar of Lugonu.
 72589 | Abyss:1  | Noticed an ancient lich
 72610 | Abyss:1  | Killed an ancient lich
 72610 | Abyss:1  | Received a gift from Okawaru
 72614 | Depths:4 | Escaped the Abyss
 72681 | Depths:4 | Voluntarily entered the Abyss.
 73533 | Abyss:3  | Found a basalt altar of Yredelemnul.
 73689 | Abyss:3  | Identified the +5 flail "karrick's Foe" {venom, Contam
                  | rElec Str+3 Stlth+}
 74112 | Abyss:3  | Found a snail-covered altar of Cheibriados.
 74248 | Abyss:3  | Reached skill level 15 in Stealth
 74276 | Abyss:3  | Found a radiant altar of Vehumet.
 74302 | Abyss:3  | Found a radiant altar of Vehumet.
 74687 | Abyss:3  | Identified the +7 ring mail "Udonus" {Regen+ rCorr SInv}
                  | (Okawaru gifted it to you on level 3 of the Abyss)
 74687 | Abyss:3  | Received a gift from Okawaru
 75021 | Depths:4 | Escaped the Abyss
 75035 | Depths:4 | Voluntarily entered the Abyss.
 75084 | Abyss:1  | Reached skill level 15 in Armour
 75188 | Abyss:1  | Reached skill level 5 in Spellcasting
 75622 | Abyss:3  | Reached skill level 5 in Hexes
 75662 | Abyss:3  | Got an abyssal rune of Zot
 75743 | Abyss:3  | Found a runed translucent door.
 75750 | Abyss:3  | Identified the +8 rapier of Tuenok {protect, rC+ rN+ Dex+3}
 75760 | Abyss:3  | Identified the +2 pair of gloves of Reason {-Cast Will+
                  | Regen+ Dex+2} (Okawaru gifted it to you on level 3 of the
                  | Abyss)
 75760 | Abyss:3  | Received a gift from Okawaru
 75849 | Depths:4 | Escaped the Abyss
 76195 | Slime:1  | Entered Level 1 of the Pits of Slime
 76379 | Slime:4  | Noticed Dissolution
 76424 | Slime:4  | Killed Dissolution
 76455 | Slime:5  | Entered Level 5 of the Pits of Slime
 76601 | Slime:5  | Received a gift from Okawaru
 76761 | Slime:5  | Noticed the Royal Jelly
 76780 | Slime:5  | Found a viscous altar of Jiyva.
 76814 | Slime:5  | Found the +11 plutonium sword {Contam Stlth-}
 77238 | Slime:5  | Killed the Royal Jelly
 77239 | Slime:5  | Reached skill level 1 in Evocations
 77291 | Slime:5  | Identified the +7 chain mail "Igeph" {Will+ rCorr Int+2}
 77292 | Slime:5  | Identified the +10 glaive "Acood" {drain, rElec rF+ Int+5}
 77337 | Slime:5  | Acquired the +1 pair of boots of Juydazaa {rF- rC+ Str+5
                  | Int+3}
 77343 | Slime:5  | Got a slimy rune of Zot
 77356 | Slime:5  | Identified the amulet "Waomoj" {Spirit Fragile rCorr Int+3
                  | SInv}
 77364 | Slime:5  | Identified the Compendium of Mutagenic Calling
 77650 | Snake:2  | Bought a runed broad axe for 210 gold pieces
 78221 | Depths:3 | Received a gift from Okawaru
 78526 | Crypt:1  | Entered Level 1 of the Crypt
 78692 | Crypt:1  | Reached skill level 15 in Maces & Flails
 78787 | Crypt:1  | Noticed Xtahua
 78812 | Crypt:1  | Killed Xtahua
 78812 | Crypt:1  | Identified the +4 war axe of the Distant Future {flame,
                  | rC+} (Okawaru gifted it to you on level 1 of the Crypt)
 78812 | Crypt:1  | Received a gift from Okawaru
 79239 | Crypt:2  | Found a basalt altar of Yredelemnul.
 79392 | Crypt:2  | Noticed Donald
 79399 | Crypt:3  | Entered Level 3 of the Crypt
 79529 | Crypt:2  | Noticed Margery
 79540 | Crypt:2  | Killed Margery
 79683 | Crypt:2  | Found a runed translucent door.
 79684 | Crypt:2  | Noticed an ancient lich
 79696 | Crypt:2  | Killed an ancient lich
 80043 | Crypt:2  | Killed Donald
 80047 | Crypt:2  | Identified Kehue's Volume of Combat Magic and Creation
 80284 | Crypt:3  | Identified the +4 hand axe "Fib Hol" {freeze, Str-3 Dex+10}
                  | (Okawaru gifted it to you on level 3 of the Crypt)
 80284 | Crypt:3  | Received a gift from Okawaru
 80348 | Crypt:3  | Found a basalt altar of Yredelemnul.
 80348 | Crypt:3  | Noticed a dread lich
 80354 | Crypt:3  | Killed a dread lich
 80366 | Crypt:3  | Found a staircase to the Tomb.
 80394 | Crypt:3  | Identified the +11 scale mail of Noughts and Crosses
                  | {Regen+ SInv Stlth+}
 80402 | Crypt:3  | Identified Sif Muna's Compendium of Evil Rituals
 80691 | Crypt:3  | Received a gift from Okawaru
 80942 | Crypt:3  | Identified the ring "Filaaq" {rPois rN+ Str+7 Int+4 Stlth-}
 80942 | Crypt:3  | Identified the amulet of Crawling {Regen+ SInv}
 80942 | Crypt:3  | Identified the ring of the Invisible Hand {rC+ rN+ rCorr}
 81599 | Hell     | Entered the Vestibule of Hell
 81627 | Hell     | Found a gateway to the ashen valley of Gehenna.
 81884 | Hell     | Noticed an ancient lich
 81894 | Hell     | Noticed Geryon
 81912 | Hell     | Killed an ancient lich
 81948 | Hell     | Killed Geryon
 81948 | Hell     | Received a gift from Okawaru
 82140 | Hell     | Received a gift from Okawaru
 82216 | Hell     | Found a gateway to the decaying netherworld of Tartarus.
 82276 | Hell     | Found a gateway to the freezing wastes of Cocytus.
 82487 | Hell     | Found a gateway to the Iron City of Dis.
 82571 | Tar:1    | Entered Level 1 of Tartarus
 82851 | Tar:1    | Received a gift from Okawaru
 82912 | Tar:1    | Received a gift from Okawaru
 83100 | Tar:2    | Found a shadowy altar of Dithmenos.
 83208 | Tar:2    | Cast into level 3 of the Abyss (reaper)
 83289 | Tar:2    | Escaped the Abyss
 83493 | Tar:4    | Received a gift from Okawaru
 83892 | Tar:7    | Entered Level 7 of Tartarus
 84012 | Tar:7    | Identified the Incunabulum of Flying Confrontation
 84024 | Tar:7    | Received a gift from Okawaru
 84075 | Tar:7    | Received a gift from Okawaru
 84564 | Tar:7    | Reached skill level 10 in Spellcasting
 84570 | Tar:7    | Identified the +6 hand axe of the Tundras {vorpal, SInv}
                  | (Okawaru gifted it to you on level 7 of Tartarus)
 84570 | Tar:7    | Received a gift from Okawaru
 84633 | Tar:7    | Noticed a dread lich
 84958 | Tar:7    | Reached skill level 10 in Hexes
 85013 | Tar:7    | Received a gift from Okawaru
 85143 | Tar:7    | Noticed Ereshkigal
 85405 | Tar:7    | Identified the +7 hand axe of Plog {pain, Str+3} (Okawaru
                  | gifted it to you on level 7 of Tartarus)
 85405 | Tar:7    | Received a gift from Okawaru
 85422 | Tar:7    | Identified Olin's Grimoire of Cloudy Dark Arts
 85424 | Tar:7    | Identified the ring of Luadeceal {Ice rPois Slay+2 Stlth+}
 85828 | Tar:7    | Identified the +4 leather armour of Fedhas's Vengeance
                  | {+Inv rN+}
 86377 | Tar:7    | Identified the +2 scale mail of Uskayaw's Favour {rElec
                  | rPois Dex+3 Slay-5}
 86727 | Tar:7    | Identified the +5 ring mail of Tunginia {rPois rF+++ MP-9
                  | Int-4} (Okawaru gifted it to you on level 7 of Tartarus)
 86727 | Tar:7    | Received a gift from Okawaru
 86786 | Tar:7    | Killed a dread lich
 86980 | Tar:7    | Identified the +6 dagger "Timneh Xai" {flame, Str+3 Stlth+}
 87025 | Tar:7    | Killed Ereshkigal
 87026 | Tar:7    | Reached skill level 27 in Shields
 87441 | Tar:7    | Got a bone rune of Zot
 87508 | Tar:7    | Identified the +0 ring mail of the Bulwark {rN+ Str+2}
 87636 | Tar:7    | Identified the Guide on Burning Ice
 87726 | Geh:1    | Entered Level 1 of Gehenna
 87765 | Geh:2    | Received a gift from Okawaru
 87916 | Geh:2    | Identified the +1 war axe of Linearity {vorpal, Fragile rF+
                  | Stlth+} (Okawaru gifted it to you on level 2 of Gehenna)
 87916 | Geh:2    | Received a gift from Okawaru
 88441 | Geh:4    | Identified the +11 crystal plate armour of the Beginning
                  | {Stlth+} (Okawaru gifted it to you on level 4 of Gehenna)
 88441 | Geh:4    | Received a gift from Okawaru
 89701 | Geh:3    | Received a gift from Okawaru
 89852 | Geh:5    | Gained mutation: You are dopey. (Int -2) [mutagenic glow]
 89861 | Geh:5    | Gained mutation: You are frail. (-10% HP) [mutagenic glow]
 89904 | Geh:5    | Lost mutation: You are frail. (-10% HP) [potion of
                  | mutation]
 89904 | Geh:5    | Lost mutation: You are dopey. (Int -2) [potion of mutation]
 89904 | Geh:5    | Lost mutation: You are strong-willed. (Will+) [potion of
                  | mutation]
 89904 | Geh:5    | Gained mutation: You have sharp toenails. [potion of
                  | mutation]
 89904 | Geh:5    | Gained mutation: Your mind is acute. (Int +2) [potion of
                  | mutation]
 89904 | Geh:5    | Gained mutation: You have very sharp teeth. [potion of
                  | mutation]
 90154 | Geh:6    | Identified the +6 ring mail "Leos" {rPois} (Okawaru gifted
                  | it to you on level 6 of Gehenna)
 90154 | Geh:6    | Received a gift from Okawaru
 90948 | Geh:7    | Entered Level 7 of Gehenna
 91050 | Geh:7    | Identified the +3 ring mail of Okawaru's Scorn {rElec}
                  | (Okawaru gifted it to you on level 7 of Gehenna)
 91050 | Geh:7    | Received a gift from Okawaru
 91558 | Geh:7    | Received a gift from Okawaru
 91955 | Geh:7    | Found the +7 sceptre of Asmodeus
 91955 | Geh:7    | Noticed Asmodeus
 91992 | Geh:7    | Killed Asmodeus
 92072 | Geh:7    | Got an obsidian rune of Zot
 92211 | Dis:1    | Entered Level 1 of the Iron City of Dis
 92794 | Dis:4    | Received a gift from Okawaru
 92876 | Dis:4    | You are sucked into a shaft and drop 1 floor!
 93087 | Dis:7    | Entered Level 7 of the Iron City of Dis
 93233 | Dis:7    | Identified the +1 plate armour of Recklessness {rC+ Will+}
                  | (Okawaru gifted it to you on level 7 of the Iron City of
                  | Dis)
 93233 | Dis:7    | Received a gift from Okawaru
 93588 | Dis:7    | Reached skill level 27 in Fighting
 93692 | Dis:7    | Received a gift from Okawaru
 93845 | Dis:7    | Received a gift from Okawaru
 94106 | Dis:7    | Identified Muptajah's Grimoire of Displaced Changing
 94397 | Dis:7    | Identified the +7 eveningstar of Famine {venom, Str+3 Int+2
                  | Dex-5}
 94536 | Dis:7    | Identified the +3 morningstar of the Morning {venom, rC+
                  | rN++ Str-3 Stlth+}
 94721 | Dis:7    | Identified the +1 hat of Qoschau {rC+ rN+ Int-3 Dex+2}
                  | (Okawaru gifted it to you on level 7 of the Iron City of
                  | Dis)
 94721 | Dis:7    | Received a gift from Okawaru
 94782 | Dis:7    | Found the +4 staff of Dispater
 94782 | Dis:7    | Noticed Dispater
 95066 | Dis:7    | Killed Dispater
 95160 | Dis:7    | Got an iron rune of Zot
 95164 | Dis:7    | Identified the +5 scale mail "Cejivuoj" {rC+ Will+ rCorr
                  | SInv}
 95504 | Pan      | Entered Pandemonium
 95656 | Pan      | Found a transporter.
 95698 | Pan      | Found a transporter.
 95760 | Pan      | Gained mutation: Your body sometimes deteriorates upon
                  | taking damage. [mutagenic glow]
 95771 | Pan      | Identified the amulet "Mavifoiw" {Acrobat Contam rPois
                  | Str-4 Slay+5}
 95779 | Pan      | Identified the ring of Bekucy {MP+9 Slay+4}
 95786 | Pan      | Identified the +7 quarterstaff of the Chopping Hawk
                  | {protect, rPois rF+ rN+}
 95807 | Pan      | Acquired 1049 gold pieces
 95831 | Pan      | Found an exit through the horrors of the Abyss.
 95864 | Pan      | Found a white marble altar of Elyvilon.
 95958 | Pan      | Received a gift from Okawaru
 97304 | Pan      | Identified the +11 quarterstaff of Bup Pess {protect, rPois
                  | Int+5}
 97349 | Pan      | Identified the +1 flail of Intuition {freeze, *Slow rCorr
                  | Dex+5} (Okawaru gifted it to you in Pandemonium)
 97349 | Pan      | Received a gift from Okawaru
 97672 | Pan      | Found a glowing silver altar of Zin.
 97872 | Pan      | Identified the +1 crystal plate armour of Kodon {Str+2
                  | Stlth+} (Okawaru gifted it to you in Pandemonium)
 97872 | Pan      | Received a gift from Okawaru
 97885 | Pan      | Identified the +6 long sword of Balance {flame, rF+}
 98054 | Pan      | Identified the +4 arbalest "Dapion" {vorpal, +Blink Fly
                  | rPois Int+2}
 98108 | Pan      | Noticed a seraph
 98478 | Pan      | Found a glowing golden altar of the Shining One.
 98621 | Pan      | Killed a seraph
 98628 | Pan      | Identified the Almanac of Glacial Execration
 98631 | Pan      | Identified the +8 rapier of Ruurph {drain, rF+ Str+2 SInv}
 98703 | Depths:3 | Escaped Pandemonium
 98709 | Pan      | Entered the realm of Mnoleg.
 98709 | Pan      | Entered Pandemonium
 98711 | Pan      | Gained mutation: Your spells are a little easier to cast,
                  | but a little less powerful. [a neqoxec]
 98848 | Pan      | Gained mutation: Your body often deteriorates upon taking
                  | damage. [a neqoxec]
 98991 | Pan      | Reached skill level 1 in Air Magic
 99096 | Pan      | Gained mutation: Your magical capacity is very low. (-20%
                  | MP) [a cacodemon]
 99101 | Pan      | Lost mutation: Your mind is acute. (Int +2) [a cacodemon]
 99117 | Pan      | Lost mutation: Your body often deteriorates upon taking
                  | damage. [a neqoxec]
 99119 | Pan      | Lost mutation: Your body sometimes deteriorates upon taking
                  | damage. [a neqoxec]
 99189 | Pan      | Noticed Mnoleg
 99192 | Pan      | Gained mutation: You are frail. (-10% HP) [a cacodemon]
 99301 | Pan      | Received a gift from Okawaru
 99305 | Pan      | Gained mutation: Your spells are easier to cast, but less
                  | powerful. [a cacodemon]
 99544 | Pan      | Got a glowing rune of Zot
 99653 | Pan      | Gained mutation: Your magical capacity is extremely low.
                  | (-30% MP) [Mnoleg's mutagenic touch]
 99660 | Pan      | Killed Mnoleg
 99668 | Pan      | Lost mutation: You sometimes lose the ability to read
                  | scrolls when taking damage. [potion of mutation]
 99668 | Pan      | Lost mutation: You are frail. (-10% HP) [potion of
                  | mutation]
 99668 | Pan      | Lost mutation: You expend magic power (3 MP) to strengthen
                  | your wands. [potion of mutation]
 99668 | Pan      | Gained mutation: Your muscles are strong. (Str +2) [potion
                  | of mutation]
 99741 | Pan      | Noticed Qygyin the pandemonium lord
 99750 | Pan      | Killed Qygyin the pandemonium lord
 99821 | Pan      | Identified the +4 ring mail of Prudence {Will+ Dex+3}
100012 | Pan      | Received a gift from Okawaru
100025 | Pan      | Noticed Mennas
100043 | Pan      | Killed Mennas
100198 | Pan      | Entered the realm of Lom Lobon.
100333 | Pan      | Found an exit through the horrors of the Abyss.
100719 | Pan      | Identified the +6 tower shield of Mental Paralysis {Str+2
                  | Dex+5} (Okawaru gifted it to you in Pandemonium)
100719 | Pan      | Received a gift from Okawaru
100948 | Pan      | Noticed Lom Lobon
101138 | Pan      | Killed Lom Lobon
101172 | Pan      | Got a magical rune of Zot
101285 | Pan      | Noticed Joublikh the pandemonium lord
101425 | Pan      | Noticed Tilov the pandemonium lord
101437 | Pan      | Killed Tilov the pandemonium lord
101473 | Depths:3 | Escaped Pandemonium
101480 | Pan      | Entered Pandemonium
101508 | Pan      | Noticed Ivoach the pandemonium lord
101520 | Pan      | Killed Ivoach the pandemonium lord
101982 | Pan      | Received a gift from Okawaru
101996 | Pan      | Entered the realm of Cerebov.
102023 | Pan      | Reached skill level 5 in Air Magic
102642 | Pan      | Identified the +4 hand axe of the Heavens {pain, rF+ Int+3}
102665 | Pan      | Identified the Handbook of Dusty Black Arts
102705 | Pan      | Identified the ring of Qixofi {Contam rElec rPois rF+
                  | Str+4}
102758 | Pan      | Identified the +0 robe "Hesu" {Rampage rElec MP-9 Dex+3}
102759 | Pan      | Identified the +1 halberd of Hell's Wrath {venom, rPois rF-
                  | Will+ Dex+2}
102761 | Pan      | Identified the +1 scale mail of the Land of Plenty {rC+++
                  | rCorr Str-2 Dex-4}
102770 | Pan      | Identified the +4 shortbow of Responsibility {freeze,
                  | Contam rF+++ Dex+5}
102829 | Pan      | Found the +6 sword of Cerebov {flame}
102829 | Pan      | Noticed Cerebov
102928 | Pan      | Killed Cerebov
102928 | Pan      | Identified the +2 flail of the Ageing Scavenger {holy,
                  | rPois rCorr} (Okawaru gifted it to you in Pandemonium)
102928 | Pan      | Received a gift from Okawaru
102929 | Pan      | Reached skill level 15 in Spellcasting
102950 | Pan      | Got a fiery rune of Zot
103083 | Pan      | Identified the ring of Optimism {rCorr EV+4 Str+2}
103288 | Pan      | Gained mutation: You sometimes lose the ability to read
                  | scrolls when taking damage. [a cacodemon]
103297 | Pan      | Entered the realm of Gloorx Vloq.
103528 | Pan      | Found an exit through the horrors of the Abyss.
104484 | Pan      | Identified the +5 ring mail of Mumblety Peg {rPois rN+
                  | Int+3} (Okawaru gifted it to you in Pandemonium)
104484 | Pan      | Received a gift from Okawaru
104595 | Pan      | Noticed Gloorx Vloq
104623 | Pan      | Got a dark rune of Zot
104661 | Pan      | Killed Gloorx Vloq
104822 | Pan      | Noticed Zuigoruet the pandemonium lord
104830 | Pan      | Killed Zuigoruet the pandemonium lord
105052 | Pan      | Identified the +8 mace of Reinforcement {venom, *Noise
                  | rPois Str+8 Int-3}
105078 | Pan      | Identified the +12 hand axe of Jeutsi {freeze, rF+ rC+
                  | Will++ Int+3} (Okawaru gifted it to you in Pandemonium)
105078 | Pan      | Received a gift from Okawaru
105264 | Pan      | Found an exit through the horrors of the Abyss.
105290 | Pan      | Took an exit into the Abyss.
105290 | Abyss:1  | Escaped into the Abyss
105350 | Abyss:1  | Found a corrupted altar of Lugonu.
105450 | Abyss:1  | Found a corrupted altar of Lugonu.
105467 | Abyss:1  | Identified the +9 broad axe "Eviscerator" {antimagic, +Rage
                  | Will+++ Dex-5 Stlth+} (Okawaru gifted it to you on level 1
                  | of the Abyss)
105467 | Abyss:1  | Received a gift from Okawaru
105499 | Abyss:1  | Noticed a dread lich
105523 | Abyss:1  | Killed a dread lich
105596 | Abyss:2  | Learned a level 3 spell: Swiftness
105791 | Depths:3 | Escaped the Abyss
105866 | Depths:4 | Voluntarily entered the Abyss.
105914 | Abyss:1  | Found a corrupted altar of Lugonu.
106299 | Abyss:1  | Found a hazy altar of Hepliaklqana.
106571 | Depths:4 | Escaped the Abyss
106933 | Snake:2  | Killed Ijoschar's ghost
107413 | Depths:5 | Found Iblaoh's Weapon Boutique.
107499 | Depths:5 | Found Lidy's Book Boutique.
107517 | Depths:5 | Received a gift from Okawaru
107545 | Depths:5 | Found Ceocliav's Magic Scroll Emporium.
107589 | Depths:5 | Noticed Jory
107619 | Depths:5 | Killed Jory
107755 | Depths:5 | Bought a scroll of holy word for 105 gold pieces
107755 | Depths:5 | Bought a scroll of holy word for 105 gold pieces
107755 | Depths:5 | Bought a scroll of enchant armour for 105 gold pieces
107755 | Depths:5 | Bought a scroll of enchant weapon for 105 gold pieces
107755 | Depths:5 | Bought a scroll of summoning for 133 gold pieces
107755 | Depths:5 | Bought a scroll of fog for 28 gold pieces
107810 | Depths:5 | Found a gate to the Realm of Zot.
107816 | Depths:5 | Identified the +7 chain mail of Itank {Dex+2} (Okawaru
                  | gifted it to you on level 5 of the Depths)
107816 | Depths:5 | Received a gift from Okawaru
108291 | D:14     | You paid a toll of a +6 demon blade to enter a treasure
                  | trove
108292 | Trove    | Entered a treasure trove
108739 | Depths:5 | Found Siddum's Armour Emporium.
108797 | Depths:5 | Found Cinischis's General Store.
108804 | Depths:5 | Bought a scroll of acquirement for 1092 gold pieces
108804 | Depths:5 | Acquired 808 gold pieces
109037 | Zot:1    | Entered Level 1 of the Realm of Zot
109231 | Zot:1    | Identified the Almanac of Darkness and Fire
109933 | Zot:2    | Noticed an orb of fire
109978 | Zot:1    | Killed an orb of fire
110073 | Zot:1    | Reached skill level 15 in Hexes
110161 | Zot:1    | Learned a level 9 spell: Shatter
110635 | D:7      | Learned a level 2 spell: Blink
110635 | D:7      | Fell from the grace of Okawaru
110635 | D:7      | Became a worshipper of the Shining One
111000 | Depths:4 | Voluntarily entered the Abyss.
111194 | Abyss:1  | Reached skill level 1 in Earth Magic
111317 | Abyss:1  | Reached * piety under the Shining One
111492 | Abyss:1  | Reached skill level 1 in Translocations
111572 | Abyss:1  | Reached ** piety under the Shining One
112028 | Abyss:2  | Reached *** piety under the Shining One
112170 | Abyss:2  | Reached **** piety under the Shining One
112368 | Abyss:2  | Reached ***** piety under the Shining One
112453 | Abyss:2  | Found an iron altar of Okawaru.
112579 | Abyss:2  | Identified the +6 glaive of Success {vorpal, rN+ Dex+8}
112705 | Abyss:3  | Reached ****** piety under the Shining One
113534 | Abyss:4  | Reached skill level 5 in Earth Magic
114562 | Abyss:4  | Found a corrupted altar of Lugonu.
114642 | Abyss:4  | Found a corrupted altar of Lugonu.
114688 | Abyss:4  | Reached skill level 5 in Translocations
114886 | Abyss:5  | Entered Level 5 of the Abyss
115070 | Abyss:5  | Identified the +5 tower shield of Olopurph {rPois Dex+4}
115128 | Abyss:5  | Paralysed by accursed screaming for 2 turns
115135 | Abyss:5  | Paralysed by accursed screaming for 1 turns
115147 | Depths:4 | Escaped the Abyss
115251 | Depths:4 | Voluntarily entered the Abyss.
115284 | Abyss:1  | Acquired the ring of the Tortoise {AC+8}
115285 | Abyss:1  | Found the ring of the Tortoise {AC+8}
115440 | Abyss:1  | Found a shimmering blue altar of Sif Muna.
115532 | Depths:4 | Escaped the Abyss
115583 | Depths:3 | Identified a +6 broad axe of holy wrath (a +4 broad axe of
                  | flaming blessed by the Shining One)
115583 | Depths:3 | Received a gift from the Shining One
115676 | Depths:4 | Voluntarily entered the Abyss.
116183 | Abyss:2  | Lost mutation: Your muscles are strong. (Str +2) [potion of
                  | mutation]
116183 | Abyss:2  | Lost mutation: You are clumsy. (Dex -2) [potion of
                  | mutation]
116183 | Abyss:2  | Gained mutation: Your flesh is heat resistant. (rF+)
                  | [potion of mutation]
116183 | Abyss:2  | Gained mutation: Your natural rate of healing is unusually
                  | fast. [potion of mutation]
116510 | Abyss:2  | Paralysed by accursed screaming for 1 turns
116728 | Abyss:2  | Gained mutation: Your spells are much easier to cast, but
                  | much less powerful. [a neqoxec]
117441 | Abyss:2  | Was forgiven by Okawaru
117477 | Depths:4 | Escaped the Abyss
117560 | Zot:2    | Gained mutation: You are frail. (-10% HP) [mutagenic glow]
117578 | Zot:2    | Gained mutation: You are very frail. (-20% HP) [mutagenic
                  | glow]
117708 | Zot:2    | Identified the +5 rapier of the Vaults {holy, rPois rF-
                  | rCorr}
118670 | Zot:2    | Reached skill level 10 in Earth Magic
120614 | Zot:4    | Noticed an orb of fire
121001 | Zot:5    | Entered Level 5 of the Realm of Zot
121365 | Zot:5    | Reached skill level 10 in Translocations
121643 | Zot:5    | Noticed a dread lich
121646 | Zot:5    | Paralysed by a dread lich for 7 turns
121663 | Zot:5    | Killed a dread lich
121746 | Zot:5    | Noticed an orb of fire
121834 | Zot:5    | Noticed a dread lich
121851 | Zot:5    | Killed a dread lich
122064 | Zot:5    | Noticed a dread lich
122113 | Zot:5    | Noticed an orb of fire
122126 | Zot:5    | Killed an orb of fire
122133 | Zot:5    | Killed a dread lich
122175 | Zot:5    | Noticed a dread lich
122190 | Zot:5    | Killed a dread lich
122284 | Zot:5    | Killed an orb of fire
122294 | Zot:5    | Noticed an orb of fire
122305 | Zot:5    | Killed an orb of fire
122327 | Zot:5    | Noticed an orb of fire
122344 | Zot:5    | Gained mutation: You are clumsy. (Dex -2) [an orb of fire]
122353 | Zot:5    | Killed an orb of fire
122639 | Coc:1    | Entered Level 1 of Cocytus
123418 | Coc:7    | Entered Level 7 of Cocytus
123499 | Coc:7    | Reached skill level 27 in Invocations
123583 | Coc:7    | Reached skill level 15 in Earth Magic
123622 | Coc:7    | Noticed an ancient lich
123638 | Coc:7    | Killed an ancient lich
124011 | Coc:7    | Identified the +0 scale mail "Ceceta Ahaso" {rPois rCorr
                  | SInv Stlth-}
124013 | Coc:7    | Identified the +11 mace of Context {antimagic, rC+ Str+5
                  | Dex+3}
124184 | Coc:7    | Noticed Antaeus
124262 | Coc:7    | Killed Antaeus
124291 | Coc:7    | Got an icy rune of Zot
124870 | Tomb:1   | Entered Level 1 of the Tomb of the Ancients
124890 | Tomb:1   | Noticed a royal mummy
124904 | Tomb:1   | Noticed a royal mummy
124906 | Tomb:1   | Noticed Khufu
124993 | Tomb:1   | Killed a royal mummy
124994 | Tomb:1   | Killed Khufu
125000 | Tomb:1   | Killed a royal mummy
125429 | Tomb:1   | Noticed a royal mummy
125449 | Tomb:1   | Killed a royal mummy
127441 | Depths:4 | Voluntarily entered the Abyss.
129999 | Abyss:3  | Found a corrupted altar of Lugonu.
131100 | Depths:4 | Escaped the Abyss
131908 | Tomb:1   | Noticed a royal mummy
131914 | Tomb:1   | Noticed a royal mummy
131931 | Tomb:1   | Noticed a royal mummy
131938 | Tomb:1   | Killed a royal mummy
131938 | Tomb:1   | Noticed a royal mummy
131949 | Tomb:1   | Noticed a royal mummy
131952 | Tomb:1   | Noticed a royal mummy
131954 | Tomb:1   | Killed a royal mummy
131979 | Tomb:1   | Noticed a royal mummy
132002 | Tomb:1   | Killed a royal mummy
132008 | Tomb:1   | Noticed a royal mummy
132020 | Tomb:1   | Killed a royal mummy
132045 | Tomb:1   | Killed a royal mummy
132061 | Tomb:1   | Killed a royal mummy
132081 | Tomb:1   | Killed a royal mummy
132128 | Tomb:1   | Noticed a royal mummy
132136 | Tomb:1   | Killed a royal mummy
132145 | Tomb:1   | Killed a royal mummy
132253 | Tomb:1   | Noticed a royal mummy
132255 | Tomb:1   | Noticed a royal mummy
132255 | Tomb:1   | Noticed a royal mummy
132269 | Tomb:1   | Killed a royal mummy
132270 | Tomb:1   | Noticed a royal mummy
132272 | Tomb:1   | Noticed a royal mummy
132281 | Tomb:1   | Killed a royal mummy
132292 | Tomb:1   | Noticed a royal mummy
132299 | Tomb:1   | Killed a royal mummy
132304 | Tomb:1   | Killed a royal mummy
132313 | Tomb:1   | Killed a royal mummy
132317 | Tomb:1   | Killed a royal mummy
132365 | Tomb:1   | Lost mutation: Your spells are much easier to cast, but
                  | much less powerful. [potion of mutation]
132365 | Tomb:1   | Lost mutation: Your magical capacity is extremely low.
                  | (-30% MP) [potion of mutation]
132365 | Tomb:1   | Lost mutation: You are very frail. (-20% HP) [potion of
                  | mutation]
132366 | Tomb:1   | Lost mutation: Your magical capacity is very low. (-20% MP)
                  | [potion of mutation]
132366 | Tomb:1   | Lost mutation: Your natural rate of healing is unusually
                  | fast. [potion of mutation]
132366 | Tomb:1   | Lost mutation: You are frail. (-10% HP) [potion of
                  | mutation]
132366 | Tomb:1   | Gained mutation: You evolve. [potion of mutation]
132366 | Tomb:1   | Gained mutation: Your spells are much easier to cast, but
                  | much less powerful. [potion of mutation]
132366 | Tomb:1   | Gained mutation: You have a pair of small antennae on your
                  | head. [potion of mutation]
132369 | Tomb:1   | Lost mutation: Your magical capacity is low. (-10% MP)
                  | [potion of mutation]
132369 | Tomb:1   | Lost mutation: You sometimes lose the ability to read
                  | scrolls when taking damage. [potion of mutation]
132370 | Tomb:1   | Lost mutation: You evolve. [potion of mutation]
132370 | Tomb:1   | Lost mutation: You have a somewhat thin skeletal structure.
                  | (Dex +2, Stealth+) [potion of mutation]
132370 | Tomb:1   | Lost mutation: You are clumsy. (Dex -2) [potion of
                  | mutation]
132370 | Tomb:1   | Gained mutation: You passively map a small area around you.
                  | [potion of mutation]
134265 | Tomb:2   | Noticed a royal mummy
134287 | Tomb:2   | Killed a royal mummy
134377 | Tomb:2   | Noticed a royal mummy
134390 | Tomb:2   | Killed a royal mummy
134493 | Tomb:2   | Noticed a royal mummy
134537 | Tomb:2   | Killed a royal mummy
134573 | Tomb:2   | Noticed a royal mummy
134580 | Tomb:2   | Killed a royal mummy
134854 | Tomb:3   | Entered Level 3 of the Tomb of the Ancients
134892 | Tomb:3   | Noticed a royal mummy
134915 | Tomb:3   | Killed a royal mummy
134935 | Tomb:3   | Noticed a royal mummy
134939 | Tomb:3   | Noticed a royal mummy
134951 | Tomb:3   | Killed a royal mummy
134954 | Tomb:3   | Killed a royal mummy
134962 | Tomb:3   | Noticed a royal mummy
134972 | Tomb:3   | Noticed a royal mummy
134974 | Tomb:3   | Killed a royal mummy
134980 | Tomb:3   | Killed a royal mummy
135109 | Tomb:3   | Noticed a royal mummy
135119 | Tomb:3   | Noticed a royal mummy
135120 | Tomb:3   | Killed a royal mummy
135141 | Tomb:3   | Noticed a royal mummy
135144 | Tomb:3   | Killed a royal mummy
135145 | Tomb:3   | Noticed a royal mummy
135156 | Tomb:3   | Killed a royal mummy
135178 | Tomb:3   | Killed a royal mummy
135348 | Tomb:3   | Identified Reil's Disquisition on Calling
135353 | Tomb:3   | Identified the Compendium of Attacks
135357 | Tomb:3   | Identified the ring "Doliuhell" {Wiz rElec Int+3 Dex+2
                  | Stlth+}
135366 | Tomb:3   | Identified the Guide on the Glacier and Clay
135368 | Tomb:3   | Identified the +0 ring mail of Pandemonium {rF- rC+ rN++}
135370 | Tomb:3   | Identified the +0 hat of Feasting {Int+6}
135396 | Tomb:3   | Identified the +8 chain mail "Eleatekh" {+Inv rElec Int+3}
135526 | Tomb:3   | Identified the Reference Book on Burning Lightness
135716 | Tomb:3   | Got a golden rune of Zot
136590 | Zot:5    | Got the Orb of Zot
137060 | Depths:1 | Noticed Izochilu the pandemonium lord
137085 | D:15     | Killed Izochilu the pandemonium lord
137279 | D:10     | Noticed Quolirgh the pandemonium lord
137535 | D:$      | Escaped with the Orb!

Illustrated notes

Levels and vault maps discovered:
D:1:      scummos_arrival_star, layout_rooms, chequers_ecumenical_altar_island,
          serial_bayou_crossing
D:2:      layout_rooms, serial_glass, glass_columns_a, glass_columns_a,
          glass_columns_a, glass_columns_b, minmay_circle_x
D:3:      kb_forest_paths, layout_basic, minmay_misc_feat_tower
D:4:      layout_loops_cross, lemuel_round_altar, minmay_temple_entry_grid,
          hangedman_minor_gate_pass, uniq_eustachio, uniq_natasha
D:5:      corexii_shack_village, layout_basic, old_standard_altar,
          fedhas_bush_and_centaur_altar, chequers_ossuary_entry_cave,
          minivault_19, st_stairs_13
D:6:      layout_loops_ring, chequers_temple_overflow_statue_of_worship,
          portal_sewer_entry_d, hangedman_abyss_or_decor_jellyfish_corner
D:7:      layout_loops_ring, grunt_temple_overflow_holy_war
D:8:      layout_cave_pods, nicolae_qazlal_style_of_elements, st_stairs_8
D:9:      layout_basic, lemuel_crystal_altar, demons_altar,
          grunt_gozag_breadcrumbs, kennysheep_little_box, serial_shops,
          nicolae_shop_window_shopping, serial_park_tiny_1, uniq_pikel
D:10:     layout_cave_pools
D:11:     layout_loops_corners, minmay_lair_entry_grove, gammafunk_ghost_icy
D:12:     minmay_the_grid_plus_closed [minmay_the_grid_minigrid_large,
          minmay_the_grid_garden, minmay_the_grid_all_tris,
          minmay_the_grid_outer_diamond, minmay_the_grid_prize_four_corners],
          layout_basic, uniq_kirke, uniq_nessos, uniq_gastronok
D:13:     layout_cave_pools
D:14:     layout_roguey, skrybe_vaults_entry_preservation,
          nicolae_trove_entry_crossroad, lemuel_doored_altar, minivault_16
D:15:     grunt_enter_depths_magical_seal, layout_basic, minivault_19,
          uniq_jorgrun
Temple:   jpeg_temple_alley_garden
Lair:1:   layout_regular_city, lemuel_fruit_fields, infiniplex_staircase_pool
Lair:2:   layout_chaotic_city, guppyfry_snake_entry_garden,
          columned_hall_lemuel, chequers_serial_rivers_small_b,
          chequers_serial_rivers_micro_c, minmay_shattered_shrine,
          lemuel_fruit_tree
Lair:3:   layout_roguey, serial_bayou_shore_b, serial_bayou_shore_b
Lair:4:   layout_gridlike, elwin_shoals_entry_rocks, basic_altar,
          portal_ice_cave_demonic_guard
Lair:5:   layout_regular_city, slime_altar_1, basic_altar, guppyfry_lair_drakes,
          infiniplex_staircase_pool_2, uniq_josephine
Lair:6:   gammafunk_lair_ancient_temple, layout_gridlike,
          grunt_forest_small_clearings, uniq_urug
Shoals:1: layout_shoals, regret_index_shoals_crete
Shoals:2: layout_shoals, yaktaur_hedge
Shoals:3: layout_shoals, hangedman_shoals_cup_caves
Shoals:4: shoals_end_grunt_ice, layout_shoals, nicolae_shoals_hunting_party
Snake:1:  layout_basic, grunt_ministairs_9, uniq_roxanne
Snake:2:  cheibrodos_toxic_ritual, layout_chambers, serial_shops,
          nicolae_shop_overgrown_old_shop, shop, shop,
          nicolae_shop_overgrown_old_shop, gammafunk_ghost_wrathful_warriors,
          serial_bayou_pond_a, st_stairs_10
Snake:3:  layout_onion_interference, basic_altar, minmay_shop_grove,
          serial_bayou_shore_b
Snake:4:  snake_pit, layout_misc_corridors, serial_shops,
          nicolae_shop_window_shopping
Slime:1:  layout_caves
Slime:2:  layout_caves
Slime:3:  layout_caves
Slime:4:  layout_caves, dissolution_awaits
Slime:5
Orc:1:    layout_diamond_mine, serial_shops, shop_statue, enter_volcano_2,
          uniq_maurice, uniq_erica
Orc:2:    st_orc_congregation, layout_diamond_mine, serial_shops, shop
Elf:1:    layout_loops_corners, orc_legates, uniq_nikola
Elf:2:    layout_gridlike, serial_shops, shop, serial_sigils_hangedman_gnaw
Elf:3:    minmay_elf_hall_four_x, layout_gridlike
Vaults:1: hangedman_vaults_stream, sword_in_stone, ontoclasm_vaults_twist,
          nicolae_vaults_three_branches, ontoclasm_vaults_ligature, v_misc_32,
          v_misc_29, layout_vaults_ring
Vaults:2: hangedman_vaults_cutoff, ontoclasm_vaults_hangar,
          vaults_room_large_hall, v_pattern_4, nicolae_vaults_asterisk,
          nicolae_vaults_disjoint_gnomons, grunt_vaults_bifocal,
          nicolae_vaults_diagonal_hallway_7, ontoclasm_vaults_bender,
          vaults_mumra_chevron, grunt_vaults_funnel, v_alt_pattern_5,
          nicolae_vaults_shelves_hall, ontoclasm_vaults_claustrophobia,
          ontoclasm_vaults_chip, layout_vaults_omnicross, serial_shops,
          shop_scrolls
Vaults:3: minmay_crypt_entry_simple_plaza, nicolae_vaults_network_square,
          nicolae_vaults_meeting, hangedman_vaults_corner_blocks,
          grunt_vaults_twisty, ontoclasm_vaults_decontamination,
          layout_vaults_chaotic_city
Vaults:4: nicolae_vaults_border_crossing, hangedman_vaults_hat,
          hangedman_vaults_cutoff, hangedman_vaults_stagger,
          ontoclasm_vaults_chip, v_misc_4, st_cross, vaults_room_grid,
          layout_vaults_omnibox
Vaults:5: serial_shops
Crypt:1:  layout_rooms, uniq_xtahua
Crypt:2:  cheibrodos_crypt_cold_storage, layout_chaotic_city,
          nicolae_crypt_ancient_font, hangedman_blasphemy, uniq_donald,
          uniq_margery
Crypt:3:  cryptofortress_bobbens
Tomb:1:   uniq_khufu
Tomb:2
Tomb:3
Depths:1: kennysheep_blocky_hall, layout_honeycomb, hangedman_decor_growths,
          hell_entry, bh_walls_and_bars, minmay_shop_star
Depths:2: minmay_roctagon, layout_basic, minmay_misc_feat_encased,
          rand_demon_pan_entry_4, hangedman_coc_ice_floe,
          infiniplex_staircase_spiral, uniq_aizul
Depths:3: evilmike_diamond_1, layout_gridlike, enter_ziggurat_d,
          serial_co_window_serial, co_window_corner_a, co_window_cross_1,
          co_window_of_opportunity_a, co_window_corner_a, co_window_corner_a,
          co_window_of_opportunity_a, co_window_corner_a, co_window_broadway_b,
          co_window_unsneaky_path_e, co_window_broadway_b,
          co_window_unsneaky_path_b, co_window_corner_b, glass_columns_c,
          pan_entry, hell_entry, corexii_leaking_fountain, serial_shops,
          bzr_entry_road
Depths:4: minmay_bloctagon_deflated, layout_small_grid,
          hangedman_abyss_entry_splay, serial_shops, shop, hell_entry,
          rand_demon_pan_entry_8, serial_bayou_shore_b,
          infiniplex_staircase_zigzag_5, serial_bayou_shore_a
Depths:5: grunt_zot_entry_gee_three, layout_honeycomb, serial_shops, shop,
          shop_statue, nicolae_shop_stone, nicolae_shop_trees, shop,
          lightli_too_deep, uniq_jory
Hell
Dis:1:    layout_gridville, hangedman_dis_chains, grunt_megastairs_1
Dis:2:    layout_subdivisions
Dis:3:    layout_gridville, grunt_megastairs_3
Dis:4:    layout_regular_city
Dis:5:    layout_chaotic_city
Dis:6:    layout_gridville
Dis:7:    iron_city_of_dis [dis_mu, dis_wall_2], layout_chaotic_city
Geh:1:    layout_gehenna_pools_triple
Geh:2:    layout_gehenna_lava_caves
Geh:3:    layout_gehenna_lava_caves
Geh:4:    layout_gehenna_pools_basic, lemuel_elevator
Geh:5:    layout_gehenna_lava_caves
Geh:6:    layout_gehenna_pools_triple
Geh:7:    geh_grunt
Coc:1:    layout_ice_bergs
Coc:2:    layout_cocytus_water_paths
Coc:3:    layout_cocytus_water_paths
Coc:4:    layout_ice_bergs
Coc:5:    layout_cocytus_water_paths
Coc:6:    layout_cocytus_water_paths
Coc:7:    coc_dpeg
Tar:1:    layout_grid_maze, lemuel_nasty_pond
Tar:2:    regret_index_dithmenos_brocken_genspenst, layout_catacombs,
          nicolae_tar_cuneiform_oil
Tar:3:    layout_grid_maze
Tar:4:    layout_grid_maze, nicolae_tar_cuneiform_not
Tar:5:    layout_cathedral_of_symmetry, hangedman_tartarus_temple_path
Tar:6:    layout_grid_maze
Tar:7:    tar_grunt_cathedral
Zot:1:    layout_gridlike, st_large_dragon_hoard_1
Zot:2:    layout_cathedral_of_symmetry, evilmike_ambush
          [evilmike_ambush_outer_corners, evilmike_ambush_inner_basic]
Zot:3:    layout_cathedral_of_symmetry, grunt_megastairs_5
Zot:4:    kennysheep_spiral_hall, layout_misc_corridors, nrook_zot_tub
Zot:5:    layout_basic

Skill      XL: |  1  2  3  4  5  6  7  8  9 10 11 12 13 14 15 16 17 18 19 20 21 22 23 24 25 26 27 |
---------------+----------------------------------------------------------------------------------+-----
Maces & Flails | 3 4 5 7 8 9 10 11 12 13 14 26 | 26.0
Fighting       | 4 5 6 7 8 9 10 11 12 13 14 15 17 18 19 20 21 27 | 27.0
Armour         | 4 5 6 7 8 9 10 11 12 13 14 25 | 25.6
Shields        | 4 5 6 8 9 11 12 13 14 15 16 17 18 19 20 21 22 27 | 27.0
Dodging        | 1 2 3 4 5 6 7 8 9 10 11 12 13 14 15 | 15.4
Short Blades   | 1 |  1.2
Stealth        | 1 2 3 4 5 6 10 12 26 | 26.2
Invocations    | 2 5 7 9 10 11 12 13 14 15 16 17 18 27 | 27.0
Axes           | 2 3 5 9 11 12 14 15 16 17 23 | 23.9
Spellcasting   | 22 | 22.2
Hexes          | 15 | 15.7
Evocations     | 2 |  2.0
Air Magic      | 9 |  9.9
Earth Magic    | 23 | 23.8
Translocations | 13 | 13.2

Action                   |  1- 3 |  4- 6 |  7- 9 | 10-12 | 13-15 | 16-18 | 19-21 | 22-24 | 25-27 || total
-------------------------+-------+-------+-------+-------+-------+-------+-------+-------+-------++-------
Melee: Flail             |   109 |   152 |       |       |  1769 |   101 |       |       |       ||  2131
       Dagger            |       |    12 |    19 |       |       |       |       |       |       ||    31
       Mace              |       |       |   727 |  1346 |   681 |       |       |       |       ||  2754
       Whip              |       |       |    50 |       |       |       |       |       |       ||    50
       War axe           |       |       |       |       |   127 |  1218 |  1421 |  1586 |  6615 || 10967
       Demon whip        |       |       |       |       |       |   772 |       |       |       ||   772
       Eveningstar       |       |       |       |       |       |       |       |    31 |  6175 ||  6206
       Shillelagh        |       |       |       |       |       |       |       |   125 |       ||   125
       Broad axe         |       |       |       |       |       |       |       |       |  3494 ||  3494
       Bite              |       |       |       |       |       |       |       |       |  2168 ||  2168
 Cast: Silence           |       |       |       |       |       |       |       |       |    24 ||    24
       Shatter           |       |       |       |       |       |       |       |       |     2 ||     2
Invok: Heroism           |       |       |       |    14 |    26 |    28 |    18 |    12 |    67 ||   165
       Finesse           |       |       |       |       |       |       |       |       |    38 ||    38
       Cleansing Flame   |       |       |       |       |       |       |       |       |    19 ||    19
       Divine Shield     |       |       |       |       |       |       |       |       |    15 ||    15
       Summon Divine War |       |       |       |       |       |       |       |       |    10 ||    10
       Brand Weapon With |       |       |       |       |       |       |       |       |     1 ||     1
Evoke: Wand              |       |       |       |       |     4 |     9 |     1 |       |     4 ||    18
       Lightning rod     |       |       |       |       |       |     1 |       |       |       ||     1
       Condenser vane    |       |       |       |       |       |       |       |       |     6 ||     6
       Horn of Geryon    |       |       |       |       |       |       |       |       |     1 ||     1
  Use: Potion            |       |     1 |     3 |     1 |     5 |     3 |     1 |     4 |    63 ||    81
       Scroll            |       |       |       |     8 |    28 |    18 |     9 |     7 |    88 ||   158
 Stab: Sleeping          |       |       |       |       |     4 |    11 |     6 |    12 |    73 ||   106
       Distracted        |       |       |       |       |     2 |     4 |     1 |     1 |    60 ||    68
       Invisible         |       |       |       |       |       |       |    16 |       |       ||    16
       Confused          |       |       |       |       |       |       |       |       |    12 ||    12
Armor: Scale mail        |    81 |   105 |   140 |       |       |       |       |       |  2107 ||  2433
       Ring mail         |       |       |   176 |   467 |   714 |    76 |       |    78 |    96 ||  1607
       Troll leather arm |       |       |       |       |       |   348 |   273 |   237 |    24 ||   882
       Chain mail        |       |       |       |       |       |       |       |       |   211 ||   211
       Gold dragon scale |       |       |       |       |       |       |       |       |   153 ||   153
       Skin              |       |       |       |       |       |       |       |       |     9 ||     9
Dodge: Dodged            |    32 |    63 |   365 |   614 |  1207 |   908 |   708 |   810 |  3992 ||  8699
Block: Kite shield       |    79 |    78 |   524 |   888 |  1885 |  1539 |  1058 |   665 |       ||  6716
       Tower shield      |       |       |       |       |       |       |       |   584 | 14807 || 15391
       Rpst.: Eveningstar |       |       |       |       |       |       |       |       |    90 ||    90
       War axe           |       |       |       |       |       |       |       |       |    43 ||    43

Table legend: (Time is in decaauts)
 A = Elapsed time spent in this place.
 B = Non-inter-level travel time spent in this place.
 C = Inter-level travel time spent in this place.
 D = Time resting spent in this place.
 E = Time spent auto-exploring this place.
 F = Levels seen in this place.
 G = Mean time per level.
                   A        B        C        D        E       F      G
               +--------+--------+--------+--------+--------+-----+--------+
         Total | 130468 | 115728 |  14740 |   8021 |  59540 | 141 |  925.3 |
       Dungeon |  24020 |  20226 |   3794 |   2085 |  11842 |  15 | 1601.3 |
        Temple |    281 |    229 |     52 |      0 |    228 |   1 |  281.0 |
          Lair |  10143 |   9270 |    873 |    374 |   6489 |   6 | 1690.5 |
        Shoals |   4027 |   3900 |    127 |    114 |   2657 |   4 | 1006.8 |
     Snake Pit |   4298 |   3795 |    503 |    105 |   2223 |   4 | 1074.5 |
    Slime Pits |   1216 |   1102 |    114 |    101 |    132 |   5 |  243.2 |
  Orcish Mines |   2284 |   2112 |    172 |    365 |    633 |   2 | 1142.0 |
   Elven Halls |   4701 |   4524 |    177 |    810 |   2105 |   3 | 1567.0 |
        Vaults |   9713 |   7576 |   2137 |    556 |   4091 |   5 | 1942.6 |
         Crypt |   3562 |   2588 |    974 |     73 |   1370 |   3 | 1187.3 |
          Tomb |   4263 |   3358 |    905 |    153 |    870 |   3 | 1421.0 |
        Depths |  10355 |   6893 |   3462 |    401 |   4632 |   5 | 2071.0 |
          Hell |    983 |    847 |    136 |      0 |    390 |   1 |  983.0 |
           Dis |   3847 |   3373 |    474 |     21 |   1436 |   7 |  549.6 |
       Gehenna |   3989 |   3817 |    172 |    107 |   1536 |   7 |  569.9 |
       Cocytus |   1506 |   1486 |     20 |     15 |    546 |   7 |  215.1 |
      Tartarus |   4585 |   4504 |     81 |   1086 |   1195 |   7 |  655.0 |
           Zot |   6189 |   5627 |    562 |    133 |   3418 |   5 | 1237.8 |
         Abyss |  16847 |  16847 |      0 |    581 |   8529 |  28 |  601.7 |
   Pandemonium |  11640 |  11640 |      0 |    270 |   4715 |  17 |  684.7 |
        Bazaar |    186 |    186 |      0 |      0 |    142 |   1 |  186.0 |
         Trove |     91 |     91 |      0 |      0 |      0 |   1 |   91.0 |
         Sewer |    379 |    379 |      0 |    100 |    110 |   1 |  379.0 |
       Ossuary |    431 |    431 |      0 |      0 |    250 |   1 |  431.0 |
      Ice Cave |    575 |    575 |      0 |    434 |      0 |   1 |  575.0 |
       Volcano |    344 |    344 |      0 |    136 |      0 |   1 |  344.0 |
               +--------+--------+--------+--------+--------+-----+--------+

Top non-repeatable levels by time:
 Abyss:1: 5920 daAuts
 Abyss:3: 5462 daAuts
 Abyss:2: 3555 daAuts
   Tar:7: 3498 daAuts
    D:12: 3395 daAuts
  Lair:2: 3175 daAuts
    D:11: 2992 daAuts
    D:14: 2803 daAuts
Depths:3: 2581 daAuts
Vaults:3: 2487 daAuts
Depths:1: 2327 daAuts
Vaults:5: 2279 daAuts
     D:9: 2225 daAuts
  Tomb:1: 2225 daAuts
Depths:2: 2215 daAuts
